Workbook
Name \0: #REF!
Name \00: #REF!
Name \a: #REF!
Name \a: #REF!
Name \a: #REF!
Name \a: #REF!
Name \a: #REF!
Name \a: #REF!
Name \a: #REF!
Name \a: #REF!
Name \a: #REF!
Name \a: #REF!
Name \a: #REF!
Name \a: #REF!
Name \a: #REF!
Name \a: #REF!
Name \a: #REF!
Name \a: #REF!
Name \a: #REF!
Name \a: #REF!
Name \a: #REF!
Name \a: #REF!
Name \a: #REF!
Name \a: #REF!
Name \AA: [1]LIQUIDACION!#REF!
Name \b: [2]STRSUMM0!#REF!
Name \bb: [2]STRSUMM0!#REF!
Name \E: #REF!
Name \EE: #REF!
Name \G: #REF!
Name \k: '[3]7422CW00'!#REF!
Name \l: [4]STRSUMM0!#REF!
Name \M: #REF!
Name \ñ: '[5]7422CW00'!#REF!
Name \P: #REF!
Name \R: #REF!
Name \s: #REF!
Name \s: #REF!
Name \s: #REF!
Name \s: #REF!
Name \s: #REF!
Name \s: #REF!
Name \s: #REF!
Name \s: #REF!
Name \s: #REF!
Name \s: #REF!
Name \s: #REF!
Name \s: #REF!
Name \s: #REF!
Name \s: #REF!
Name \s: #REF!
Name \s: #REF!
Name \s: #REF!
Name \s: #REF!
Name \s: #REF!
Name \s: #REF!
Name \s: #REF!
Name \s: #REF!
Name \V: #REF!
Name \X: '1,1'!ERR

Sheet PRESUPUESTO OFICIAL (Entidad)
C3: Formulario 1 - Propuesta económica - Documento tipo de selección abreviada de menor cuantía - versión 2
C4: Código | D4: CCE-EICP-FM-25 | E4: Versión | F4: 2
C6: FORMULARIO 1
C7: PRESUPUESTO OFICIAL
C8: [La entidad puede utilizar este formulario de detalle del presupuesto oficial para determinar las condiciones bajo las cuales los proponentes analizarán y presentarán su propuesta económica de forma detallada, sin perjuicio que la entidad pueda modificarlo o establecer la presentación de la oferta económica con un formulario distinto al indicado.]
C10: Adicionalmente, cuando el proceso de contratación es estructurado por precios unitarios, la Entidad debe aplicar las notas 1, 2 y 3 del presente formulario y las casillas de "Descripción", "Porcentaje" de la Administración, Imprevisto, Utilidad y total A.I.U. resaltadas en colo amarillo. Tratándose de otras modalidades de precio, la Entidad puede o no configurar los mismos aspectos.
C12: Nº | D12: ITEM DE PAGO | E12: ESPECIFICACIONES | G12: DESCRIPCION | H12: UND. | I12: CANTIDAD | J12: VALOR UNITARIO | K12: VALOR TOTAL
E13: GENERAL | F13: PARTICULAR
C15: A | G15: PONTÓN VEHICULAR, LUZ 12m Y ANCHO 5m
C16: 1 | G16: PRELIMINARES
C17: 1.1 | G17: REPLANTEO, CONTROL Y MEDICIÓN DE LA OBRA | H17: M2 | I17: 60 | J17: =+'1,1'!O68 -> 5214.3 | K17: =+I17*J17 -> 312858
C18: 1.2 | G18: DESMONTE DE ESTRUCTURA EXISTENTE | H18: UND | I18: 1 | J18: =+'1,2'!O69 -> 1130777.7 | K18: =+I18*J18 -> 1130777.7
C19: 1.3 | G19: CONSTRUCCIÓN DE PASO PROVISIONAL, INCLUYE RELLENO DE MATERIAL DE PRÉSTAMO Y ACONDICIONAMIENTO DEL TERRENO | H19: UND | I19: 1 | J19: =+'1,3'!O68 -> 3102595.6 | K19: =+I19*J19 -> 3102595.6
C20: Subtotal | K20: =SUM(K17:K19) -> 4546231.3
C22: 2 | G22: EXCAVACIONES PARA ESTRIBOS
C23: 2.1 | G23: EXCAVACIÓN MECÁNICA, SIN CLASIFICAR, NO INCLUYE RETIRO | H23: M3 | I23: 184 | J23: =+'2,1'!O68 -> 38593.1 | K23: =+I23*J23 -> 7101130.4
C24: 2.2 | G24: EXCAVACION MANUAL SIN CLASIFICAR. NO INCLUYE RETIRO | H24: M3 | I24: 46 | J24: =+'2,2'!O68 -> 110411.6 | K24: =+I24*J24 -> 5078933.6
C25: 2.3 | G25: TRANSPORTE DE MATERIALES PROVENIENTES DE EXCAVACIONES Y DEMOLICIONES | H25: M3-KM | I25: 2153 | J25: =+'2,3'!O68 -> 2080 | K25: =+I25*J25 -> 4478240
C26: Subtotal | K26: =SUM(K23:K25) -> 16658304
C28: 3 | G28: RELLENOS
C29: 3.1 | G29: SUMINISTRO Y COMPACTACIÓN DE RELLENO DE TERRENO CON MATERIAL SELECCIONADO DE SITIO (Incluye transporte) | H29: M3 | I29: 92 | J29: =+'3,1'!O69 -> 60167.9 | K29: =+I29*J29 -> 5535446.8
C30: 3.2 | G30: SUMINISTRO Y COMPACTACIÓN DE RELLENO DE TERRENO CON MATERIAL SUMINISTRADO DE CANTERA (Incluye transporte)) | H30: M3 | I30: 138 | J30: =+'3,2'!O69 -> 141186.5 | K30: =+I30*J30 -> 19483737
C31: 3.3 | G31: SUMINISTRO Y COMPACTACIÓN DE RELLENO DE TERRENO CON SUBBASE GRANULAR (Incluye transporte) | H31: M3 | I31: 5 | J31: =+'3,3'!O69 -> 327618.2 | K31: =+I31*J31 -> 1638091
C32: Subtotal | K32: =SUM(K29:K31) -> 26657275
C34: 4 | G34: CONCRETOS Y ACEROS
C35: 4.1 | G35: CONCRETO DE LIMPIEZA DE 2,000 PSI PARA SOLADO E: 0,05m | H35: M3 | I35: 2 | J35: =+'4,1'!O69 -> 822424.2 | K35: =+I35*J35 -> 1644848.4
C36: 4.2 | G36: CONCRETO DE 4,000 PSI PARA ESTRIBO | H36: M3 | I36: 37 | J36: =+'4,2'!O69 -> 2361080.8 | K36: =+I36*J36 -> 87359990
C37: 4.3 | G37: CONCRETO DE 4,000 PSI PARA VIGAS AÉREAS | H37: M3 | I37: 15 | J37: =+'4,3'!O70 -> 2740535.2 | K37: =+I37*J37 -> 41108028
C38: 4.4 | G38: CONCRETO DE 4,000 PSI PARA LOSA MACIZA ESP. 0,20m | H38: M2 | I38: 62 | J38: =+'4,4'!O70 -> 648103.3 | K38: =+I38*J38 -> 40182405
C39: 4.5 | G39: CONCRETO DE 3,000 PSI PARA GUARDARUEDAS H= 0,15m | H39: ML | I39: 25 | J39: =+'4,5'!O68 -> 174423.6 | K39: =+I39*J39 -> 4360590
C40: 4.6 | G40: ACERO DE REFUERZO DE 60.000 PSI. INCLUYE CORTE, FIGURACIÓN E INSTALACIÓN | H40: KG | I40: 9450 | J40: =+'4,6'!O67 -> 13760.5 | K40: =+I40*J40 -> 130036725
C41: Subtotal | K41: =SUM(K35:K40) -> 3.0469259e+08
C43: 5 | G43: OBRAS COMPLEMENTARIAS
C44: 5.1 | G44: SUMINISTRO E INSTALACIÓN DE APOYO ELASTOMÉRICO PARA ESTRUCTURA EN CONCRETO | H44: UND | I44: 8 | J44: =+'5,1'!O67 -> 1465115.6 | K44: =+I44*J44 -> 11720925
C45: 5.2 | G45: SUMINISTRO E INSTALACIÓN DE BARANDA EN PERFILES IPE 200 Y TUBERÍA METÁLICA DE 4", INCLUYE ANCLAJES Y ACABADO EN PINTURA AMARILLA | H45: ML | I45: 24 | J45: =+'5,2'!O75 -> 2072149.3 | K45: =+I45*J45 -> 49731583
C46: 5.3 | G46: CONCRETO M.R. 42 MPa PARA PAVIMENTO DE RAMPA DE ACCESO ESP. 17 Cm | H46: M2 | I46: 30 | J46: =+'5,3'!O68 -> 339062.1 | K46: =+I46*J46 -> 10171863
C47: Subtotal | K47: =SUM(K44:K46) -> 71624371
C49: B | G49: MEJORAMIENTO DE VÍAS RURALES
C50: 6 | G50: PRELIMINARES
C51: 6.1 | G51: REPLANTEO, CONTROL Y MEDICIÓN DE LA OBRA | H51: ML | I51: 7100 | J51: =+'6,1'!O67 -> 869.7 | K51: =+I51*J51 -> 6174870
C52: Subtotal | K52: =SUM(K51) -> 6174870
C54: 7 | G54: EXCAVACIONES
C55: 7.1 | G55: CONFORMACION DE LA BANCA VIAL EXISTENTE | H55: M2 | I55: 7405 | J55: =+'7,1'!O67 -> 1952.6 | K55: =+I55*J55 -> 14459003
C56: Subtotal | K56: =SUM(K55) -> 14459003
C58: 8 | G58: RELLENOS Y CAPA DE RODADURA
C59: 8.1 | G59: SUMINISTRO Y COMPACTACIÓN DE RELLENO DE TERRENO CON MATERIAL SUMINISTRADO DE CANTERA | H59: M3 | I59: 1111 | J59: =+'8,1'!O69 -> 125183.5 | K59: =+I59*J59 -> 1.3907887e+08
C60: Subtotal | K60: =SUM(K59) -> 1.3907887e+08
C61: SUBTOTAL OBRAS | K61: =+K20+K26+K32+K41+K47+K52+K56+K60 -> 5.8389151e+08
G66: SUBTOTAL OBRAS (INCLUYE IVA) | K66: =+K61 -> 5.8389151e+08
G68: PLAN DE MANEJO AMBIENTAL | K68: 7257857.1
G70: VALOR TOTAL | K70: =ROUND(+K66+K68,0) -> 591149365
C73: NOTA 1: Se debe tener en cuenta que el PRECIO UNITARIO incluye el valor de A.I.U. | H73: DESCRIPCION | K73: PORCENTAJE
C74: NOTA 2: Cuando la fracción decimal del peso sea igual o superior a 5 se aproximara por exceso al número entero siguiente del peso y cuando la fracción decimal del peso sea inferior a 5 se aproximará por defecto al número entero del peso. | H74: ADMINISTRACION | J74: A= | K74: 0.24
C75: NOTA 3: El A.I.U y su discriminación deben estar en porcentaje (%). | H75: IMPREVISTO | J75: I= | K75: 0.01
H76: UTILIDAD | J76: U= | K76: 0.05
H77: TOTAL A.I.U | J77: A.I.U.= | K77: 0.3

Sheet PROPUESTA ECONOMICA(Proponente)
C3: Formulario 1 - Propuesta económica - Documento tipo de selección abreviada de menor cuantía - versión 2
C4: Código | D4: CCE-EICP-FM-25 | E4: Versión | F4: 2
C6: FORMULARIO 1
C7: PROPUESTA ECONOMICA
C8: [La entidad puede utilizar este formulario de presentación de propuesta económica de forma detallada, sin perjuicio que la entidad pueda modificarlo o establecer la presentación de la oferta económica con un formulario distinto al indicado.] [Los proponentes emplearán el formulario establecido por la entidad para determinar su propuesta económica conforme al Formulario 1 - Presupuesto Oficial publicado por la Entidad]
C10: Cuando el proceso de contratación es estructurado por precios unitarios, la Entidad debe aplicar las notas 1, 2 y 3 del presente formato y las casillas de "Descripción", "Porcentaje" de la Administración, Imprevisto, Utilidad y total A.I.U. resaltadas en color amarillo.
C12: Nº | D12: ITEM DE PAGO | E12: ESPECIFICACIONES | G12: DESCRIPCION | H12: UND. | I12: CANTIDAD | J12: VALOR UNITARIO | K12: VALOR TOTAL
E13: GENERAL | F13: PARTICULAR
C16: Subtotal
C22: Subtotal
C32: Subtotal
C37: Subtotal
C40: Subtotal
C41: SUBTOTAL OBRAS
G46: SUBTOTAL OBRAS (INCLUYE IVA)
G50: VALOR TOTAL
C53: NOTA 1: Se debe tener en cuenta que el PRECIO UNITARIO incluye el valor de A.I.U. | H53: DESCRIPCION | K53: PORCENTAJE
C54: NOTA 2: Cuando la fracción decimal del peso sea igual o superior a 5 se aproximara por exceso al número entero siguiente del peso y cuando la fracción decimal del peso sea inferior a 5 se aproximará por defecto al número entero del peso. | H54: ADMINISTRACION | J54: A= | K54: [Ofrecimiento del Proponente]
C55: NOTA 3: El A.I.U y su discriminación deben estar en porcentaje (%). | H55: IMPREVISTO | J55: I= | K55: [Ofrecimiento del Proponente]
H56: UTILIDAD | J56: U= | K56: [Ofrecimiento del Proponente]
H57: TOTAL A.I.U | J57: A.I.U.= | K57: [Ofrecimiento del Proponente]
G60: Firma del Proponente o de su Representante Legal

Sheet 1,1
C3: Formulario 1 - Propuesta económica - Documento tipo de selección abreviada de menor cuantía - versión 3
C4: Código | D4: CCE-EICP-FM-25 | E4: Versión | F4: 3
C6: [La entidad podrá utilizar este formato para la presentación de los análisis de precios unitarios el contratista en la oportunidad prevista en el numeral 8.1. del Documento Base]
D9: ALCALDÍA MUNICIPAL DE ASTREA CESAR
L10: VERSIÓN
D11: [NÚMERO DEL PROCESO]
L12: PÁGINA | M12: 1 | N12: DE | O12: 1
D14: ANALISIS DE PRECIOS UNITARIOS
L16: FECHA | M16: DD | N16: MM | O16: AA
C18: ITEMS DE LA PROPUESTA ECONÓMICA | I18: ITEMS NO PREVISTOS
C22: DATOS ESPECÍFICOS
C24: ITEM | D24: DESCRIPCIÓN | M24: UNIDAD | O24: CANTIDAD
C25: =+'PRESUPUESTO OFICIAL (Entidad)'!C17 -> 1.1 | D25: =+'PRESUPUESTO OFICIAL (Entidad)'!G17 -> REPLANTEO, CONTROL Y MEDICIÓN DE LA OBRA | M25: =+'PRESUPUESTO OFICIAL (Entidad)'!H17 -> M2 | O25: =+'PRESUPUESTO OFICIAL (Entidad)'!I17 -> 60
C26: I. EQUIPO
C29: DESCRIPCIÓN | H29: MARCA | J29: TIPO | L29: TARIFA/HORA | M29: RENDIMIENTO | O29: Vr. UNITARIO
C30: EQUIPO DE TOPOGRAFIA | J30: DÍA | L30: 2600000 | M30: 0.001 | O30: =+L30*M30 -> 2600
C31: HERRAMIENTA MENOR (10% VR) | J31: % | L31: =+O52 -> 942 | M31: 0.1 | O31: =+L31*M31 -> 94.2
C33: SUBTOTAL $ | O33: =+O30+O31+O32 -> 2694.2
C34: II. MATERIALES
C37: DESCRIPCIÓN | K37: UNIDAD | L37: CANTIDAD | M37: PRECIO UNIT. | O37: Vr. UNITARIO
C38: ESTACA DE MADERA | K38: UND | L38: 0.25 | M38: 1500 | O38: =+L38*M38 -> 375
C40: SUBTOTAL $ | O40: =+O38+O39 -> 375
C41: III. TRANSPORTES
C44: MATERIAL | J44: VOL. o PESO | K44: DISTANCIA | L44: M3 o Ton/Km | M44: TARIFA | O44: Vr. UNITARIO
C47: SUBTOTAL $ | O47: =+O45+O46 -> 0
C48: IV. MANO DE OBRA
C51: TRABAJADOR | J51: UND | K51: PRESTACIONES | L51: RENDIMIENTO | M51: PRECIO UNITARIO | O51: Vr. UNITARIO
C52: CUADRILLA TOPÓGRAFICA | J52: HH | L52: 0.03 | M52: 31405.5 | O52: =ROUND(L52*M52,0) -> 942
C56: SUBTOTAL $ | O56: =+O52+O54+O53+O55 -> 942
C58: TOTAL COSTO DIRECTO $ | O58: =ROUND(O56+O47+O40+O33,0) -> 4011
C59: V. COSTOS INDIRECTOS
C62: Descripción | L62: Porcentaje | M62: Valor Total
C63: ADMINISTRACION | L63: 0.24 | M63: =+O58 -> 4011 | O63: =+L63*M63 -> 962.64
C64: IMPREVISTOS | L64: 0.01 | M64: =+O58 -> 4011 | O64: =+L64*M64 -> 40.11
C65: UTILIDAD | L65: 0.05 | M65: =+O58 -> 4011 | O65: =+L65*M65 -> 200.55
C66: SUBTOTAL $ | O66: =+O58+O63+O64+O65 -> 5214.3
C68: Precio Unitario Total Aproximado al peso $ | O68: =+O66 -> 5214.3
H72: Firma
H73: Nombre:
H74: Representante Legal del Contratista o su Apoderado
H75: Matricula No. :
C77: OBSERVACIONES INTERVENTORÍA
C81: APROBACIÓN POR INTERVENTORÍA
C82: Nota 1: Cuando se trate de Análisis de precios unitarios correspondientes a ítems de la propuesta económica aprobada, el Interventor aprueba el desglose de los componentes manteniendo el mismo precio unitario de cada ítem, cumpliendo con las especificaciones de construcción vigentes para el proyecto.
C84: Nota 2: Cuando se trate de Análisis de precios unitarios de ítems no previstos, el Interventor aprueba el desglose y precio unitario de cada ítem no previsto, exigiendo la aplicación de los costos correspondientes a insumos y tarifas de la propuesta económica inicial cuando estén contemplados, cumpliendo con las especificaciones de construcción vigente para el proyecto.
H87: Firma
H88: Nombre:
H89: Representante Legal del Interventor o su Apoderado
H90: Matricula No. :

Sheet 1,2
C3: Formulario 1 - Propuesta económica - Documento tipo de selección abreviada de menor cuantía - versión 3
C4: Código | D4: CCE-EICP-FM-25 | E4: Versión | F4: 3
C6: [La entidad podrá utilizar este formato para la presentación de los análisis de precios unitarios el contratista en la oportunidad prevista en el numeral 8.1. del Documento Base]
D9: ALCALDÍA MUNICIPAL DE ASTREA CESAR
L10: VERSIÓN
D11: [NÚMERO DEL PROCESO]
L12: PÁGINA | M12: 1 | N12: DE | O12: 1
D14: ANALISIS DE PRECIOS UNITARIOS
L16: FECHA | M16: DD | N16: MM | O16: AA
C18: ITEMS DE LA PROPUESTA ECONÓMICA | I18: ITEMS NO PREVISTOS
C22: DATOS ESPECÍFICOS
C24: ITEM | D24: DESCRIPCIÓN | M24: UNIDAD | O24: CANTIDAD
C25: =+'PRESUPUESTO OFICIAL (Entidad)'!C18 -> 1.2 | D25: =+'PRESUPUESTO OFICIAL (Entidad)'!G18 -> DESMONTE DE ESTRUCTURA EXISTENTE | M25: =+'PRESUPUESTO OFICIAL (Entidad)'!H18 -> UND | O25: =+'PRESUPUESTO OFICIAL (Entidad)'!I18 -> 1
C26: I. EQUIPO
C29: DESCRIPCIÓN | H29: MARCA | J29: TIPO | L29: VR. UNITARIO | M29: CANTIDAD | O29: Vr. TOTAL
C30: PULIDORA 9" | J30: DÍA | L30: 70000 | M30: 1 | O30: =+L30*M30 -> 70000
C31: MOTOSIERRA A GASOLINA | J31: DÍA | L31: 85000 | M31: 1 | O31: =+L31*M31 -> 85000
C32: HERRAMIENTA MENOR (10% VR) | J32: % | L32: =+O53 -> 604390 | M32: 0.1 | O32: =+L32*M32 -> 60439
C34: SUBTOTAL $ | O34: =+O30+O31+O32+O33 -> 215439
C35: II. MATERIALES
C38: DESCRIPCIÓN | K38: UNIDAD | L38: CANTIDAD | M38: PRECIO UNIT. | O38: Vr. UNITARIO
C39: DISCO DE CORTE METAL 9" | K39: UND | L39: 2 | M39: 25000 | O39: =+L39*M39 -> 50000
C41: SUBTOTAL $ | O41: =+O39+O40 -> 50000
C42: III. TRANSPORTES
C45: MATERIAL | J45: VOL. o PESO | K45: DISTANCIA | L45: M3 o Ton/Km | M45: TARIFA | O45: Vr. UNITARIO
C48: SUBTOTAL $ | O48: =+O46+O47 -> 0
C49: IV. MANO DE OBRA
C52: TRABAJADOR | J52: UND | K52: PRESTACIONES | L52: RENDIMIENTO | M52: PRECIO UNITARIO | O52: Vr. UNITARIO
C53: CUADRILLA AA | J53: HH | L53: 12 | M53: 50365.838 | O53: =ROUND(L53*M53,0) -> 604390
C57: SUBTOTAL $ | O57: =+O53+O55+O54+O56 -> 604390
C59: TOTAL COSTO DIRECTO $ | O59: =ROUND(O57+O48+O41+O34,0) -> 869829
C60: V. COSTOS INDIRECTOS
C63: Descripción | L63: Porcentaje | M63: Valor Total
C64: ADMINISTRACION | L64: 0.24 | M64: =+O59 -> 869829 | O64: =+L64*M64 -> 208758.96
C65: IMPREVISTOS | L65: 0.01 | M65: =+O59 -> 869829 | O65: =+L65*M65 -> 8698.29
C66: UTILIDAD | L66: 0.05 | M66: =+O59 -> 869829 | O66: =+L66*M66 -> 43491.45
C67: SUBTOTAL $ | O67: =+O59+O64+O65+O66 -> 1130777.7
C69: Precio Unitario Total Aproximado al peso $ | O69: =+O67 -> 1130777.7
H73: Firma
H74: Nombre:
H75: Representante Legal del Contratista o su Apoderado
H76: Matricula No. :
C78: OBSERVACIONES INTERVENTORÍA
C82: APROBACIÓN POR INTERVENTORÍA
C83: Nota 1: Cuando se trate de Análisis de precios unitarios correspondientes a ítems de la propuesta económica aprobada, el Interventor aprueba el desglose de los componentes manteniendo el mismo precio unitario de cada ítem, cumpliendo con las especificaciones de construcción vigentes para el proyecto.
C85: Nota 2: Cuando se trate de Análisis de precios unitarios de ítems no previstos, el Interventor aprueba el desglose y precio unitario de cada ítem no previsto, exigiendo la aplicación de los costos correspondientes a insumos y tarifas de la propuesta económica inicial cuando estén contemplados, cumpliendo con las especificaciones de construcción vigente para el proyecto.
H88: Firma
H89: Nombre:
H90: Representante Legal del Interventor o su Apoderado
H91: Matricula No. :

Sheet 1,3
C3: Formulario 1 - Propuesta económica - Documento tipo de selección abreviada de menor cuantía - versión 3
C4: Código | D4: CCE-EICP-FM-25 | E4: Versión | F4: 3
C6: [La entidad podrá utilizar este formato para la presentación de los análisis de precios unitarios el contratista en la oportunidad prevista en el numeral 8.1. del Documento Base]
D9: ALCALDÍA MUNICIPAL DE ASTREA CESAR
L10: VERSIÓN
D11: [NÚMERO DEL PROCESO]
L12: PÁGINA | M12: 1 | N12: DE | O12: 1
D14: ANALISIS DE PRECIOS UNITARIOS
L16: FECHA | M16: DD | N16: MM | O16: AA
C18: ITEMS DE LA PROPUESTA ECONÓMICA | I18: ITEMS NO PREVISTOS
C22: DATOS ESPECÍFICOS
C24: ITEM | D24: DESCRIPCIÓN | M24: UNIDAD | O24: CANTIDAD
C25: =+'PRESUPUESTO OFICIAL (Entidad)'!C19 -> 1.3 | D25: =+'PRESUPUESTO OFICIAL (Entidad)'!G19 -> CONSTRUCCIÓN DE PASO PROVISIONAL, INCLUYE RELLENO DE MATERIAL DE PRÉSTAMO Y ACONDICIONAMIENTO DEL TERRENO | M25: =+'PRESUPUESTO OFICIAL (Entidad)'!H19 -> UND | O25: =+'PRESUPUESTO OFICIAL (Entidad)'!I18 -> 1
C26: I. EQUIPO
C29: DESCRIPCIÓN | H29: MARCA | J29: TIPO | L29: VR. UNITARIO | M29: CANTIDAD | O29: Vr. TOTAL
C30: RETROEXCAVADORA SOBRE LLANTAS | J30: HR | L30: 180000 | M30: 5 | O30: =+L30*M30 -> 900000
C31: HERRAMIENTA MENOR (10% VR) | J31: % | L31: =+O52 -> 251829 | M31: 0.1 | O31: =+L31*M31 -> 25182.9
C33: SUBTOTAL $ | O33: =+O30+O31+O32 -> 925182.9
C34: II. MATERIALES
C37: DESCRIPCIÓN | K37: UNIDAD | L37: CANTIDAD | M37: PRECIO UNIT. | O37: Vr. UNITARIO
C38: MATERIAL PARA LLENOS NORMA INVIAS ART 220-07 | K38: M3 | L38: 42 | M38: 22800 | O38: =+L38*M38 -> 957600
C40: SUBTOTAL $ | O40: =+O38+O39 -> 957600
C41: III. TRANSPORTES
C44: MATERIAL | J44: VOL. o PESO | K44: DISTANCIA | L44: M3 o Ton/Km | M44: TARIFA | O44: Vr. UNITARIO
C45: TRANSPORTE DE AGREGADOS Y RELLENOS DE CANTERA (PETREOS) | J45: 42 | K45: 5 | L45: m3/km | M45: 1200 | O45: =+J45*K45*M45 -> 252000
C47: SUBTOTAL $ | O47: =+O45+O46 -> 252000
C48: IV. MANO DE OBRA
C51: TRABAJADOR | J51: UND | K51: PRESTACIONES | L51: RENDIMIENTO | M51: PRECIO UNITARIO | O51: Vr. UNITARIO
C52: CUADRILLA AA | J52: HH | L52: 5 | M52: 50365.838 | O52: =ROUND(L52*M52,0) -> 251829
C56: SUBTOTAL $ | O56: =+O52+O54+O53+O55 -> 251829
C58: TOTAL COSTO DIRECTO $ | O58: =ROUND(O33+O56+O47+O40,0) -> 2386612
C59: V. COSTOS INDIRECTOS
C62: Descripción | L62: Porcentaje | M62: Valor Total
C63: ADMINISTRACION | L63: 0.24 | M63: =+O58 -> 2386612 | O63: =+L63*M63 -> 572786.88
C64: IMPREVISTOS | L64: 0.01 | M64: =+O58 -> 2386612 | O64: =+L64*M64 -> 23866.12
C65: UTILIDAD | L65: 0.05 | M65: =+O58 -> 2386612 | O65: =+L65*M65 -> 119330.6
C66: SUBTOTAL $ | O66: =+O58+O63+O64+O65 -> 3102595.6
C68: Precio Unitario Total Aproximado al peso $ | O68: =+O66 -> 3102595.6
H72: Firma
H73: Nombre:
H74: Representante Legal del Contratista o su Apoderado
H75: Matricula No. :
C77: OBSERVACIONES INTERVENTORÍA
C81: APROBACIÓN POR INTERVENTORÍA
C82: Nota 1: Cuando se trate de Análisis de precios unitarios correspondientes a ítems de la propuesta económica aprobada, el Interventor aprueba el desglose de los componentes manteniendo el mismo precio unitario de cada ítem, cumpliendo con las especificaciones de construcción vigentes para el proyecto.
C84: Nota 2: Cuando se trate de Análisis de precios unitarios de ítems no previstos, el Interventor aprueba el desglose y precio unitario de cada ítem no previsto, exigiendo la aplicación de los costos correspondientes a insumos y tarifas de la propuesta económica inicial cuando estén contemplados, cumpliendo con las especificaciones de construcción vigente para el proyecto.
H87: Firma
H88: Nombre:
H89: Representante Legal del Interventor o su Apoderado
H90: Matricula No. :

Sheet 2,1
C3: Formulario 1 - Propuesta económica - Documento tipo de selección abreviada de menor cuantía - versión 3
C4: Código | D4: CCE-EICP-FM-25 | E4: Versión | F4: 3
C6: [La entidad podrá utilizar este formato para la presentación de los análisis de precios unitarios el contratista en la oportunidad prevista en el numeral 8.1. del Documento Base]
D9: ALCALDÍA MUNICIPAL DE ASTREA CESAR
L10: VERSIÓN
D11: [NÚMERO DEL PROCESO]
L12: PÁGINA | M12: 1 | N12: DE | O12: 1
D14: ANALISIS DE PRECIOS UNITARIOS
L16: FECHA | M16: DD | N16: MM | O16: AA
C18: ITEMS DE LA PROPUESTA ECONÓMICA | I18: ITEMS NO PREVISTOS
C22: DATOS ESPECÍFICOS
C24: ITEM | D24: DESCRIPCIÓN | M24: UNIDAD | O24: CANTIDAD
C25: =+'PRESUPUESTO OFICIAL (Entidad)'!C23 -> 2.1 | D25: =+'PRESUPUESTO OFICIAL (Entidad)'!G23 -> EXCAVACIÓN MECÁNICA, SIN CLASIFICAR, NO INCLUYE RETIRO | M25: =+'PRESUPUESTO OFICIAL (Entidad)'!H23 -> M3 | O25: =+'PRESUPUESTO OFICIAL (Entidad)'!I23 -> 184
C26: I. EQUIPO
C29: DESCRIPCIÓN | H29: MARCA | J29: TIPO | L29: VR. UNITARIO | M29: CANTIDAD | O29: Vr. TOTAL
C30: RETROEXCAVADORA SOBRE LLANTAS | J30: HR | L30: 180000 | M30: 0.16 | O30: =+L30*M30 -> 28800
C31: HERRAMIENTA MENOR (10% VR) | J31: % | L31: =+O52 -> 806 | M31: 0.1 | O31: =+L31*M31 -> 80.6
C33: SUBTOTAL $ | O33: =+O30+O31+O32 -> 28880.6
C34: II. MATERIALES
C37: DESCRIPCIÓN | K37: UNIDAD | L37: CANTIDAD | M37: PRECIO UNIT. | O37: Vr. UNITARIO
O38: =+L38*M38 -> 0
C40: SUBTOTAL $ | O40: =+O38+O39 -> 0
C41: III. TRANSPORTES
C44: MATERIAL | J44: VOL. o PESO | K44: DISTANCIA | L44: M3 o Ton/Km | M44: TARIFA | O44: Vr. UNITARIO
O45: =+J45*K45*M45 -> 0
C47: SUBTOTAL $ | O47: =+O45+O46 -> 0
C48: IV. MANO DE OBRA
C51: TRABAJADOR | J51: UND | K51: PRESTACIONES | L51: RENDIMIENTO | M51: PRECIO UNITARIO | O51: Vr. UNITARIO
C52: CUADRILLA AA | J52: HH | L52: 0.016 | M52: 50365.838 | O52: =ROUND(L52*M52,0) -> 806
C56: SUBTOTAL $ | O56: =+O52+O54+O53+O55 -> 806
C58: TOTAL COSTO DIRECTO $ | O58: =ROUND(O33+O56+O47+O40,0) -> 29687
C59: V. COSTOS INDIRECTOS
C62: Descripción | L62: Porcentaje | M62: Valor Total
C63: ADMINISTRACION | L63: 0.24 | M63: =+O58 -> 29687 | O63: =+L63*M63 -> 7124.88
C64: IMPREVISTOS | L64: 0.01 | M64: =+O58 -> 29687 | O64: =+L64*M64 -> 296.87
C65: UTILIDAD | L65: 0.05 | M65: =+O58 -> 29687 | O65: =+L65*M65 -> 1484.35
C66: SUBTOTAL $ | O66: =+O58+O63+O64+O65 -> 38593.1
C68: Precio Unitario Total Aproximado al peso $ | O68: =+O66 -> 38593.1
H72: Firma
H73: Nombre:
H74: Representante Legal del Contratista o su Apoderado
H75: Matricula No. :
C77: OBSERVACIONES INTERVENTORÍA
C81: APROBACIÓN POR INTERVENTORÍA
C82: Nota 1: Cuando se trate de Análisis de precios unitarios correspondientes a ítems de la propuesta económica aprobada, el Interventor aprueba el desglose de los componentes manteniendo el mismo precio unitario de cada ítem, cumpliendo con las especificaciones de construcción vigentes para el proyecto.
C84: Nota 2: Cuando se trate de Análisis de precios unitarios de ítems no previstos, el Interventor aprueba el desglose y precio unitario de cada ítem no previsto, exigiendo la aplicación de los costos correspondientes a insumos y tarifas de la propuesta económica inicial cuando estén contemplados, cumpliendo con las especificaciones de construcción vigente para el proyecto.
H87: Firma
H88: Nombre:
H89: Representante Legal del Interventor o su Apoderado
H90: Matricula No. :

Sheet 2,2
C3: Formulario 1 - Propuesta económica - Documento tipo de selección abreviada de menor cuantía - versión 3
C4: Código | D4: CCE-EICP-FM-25 | E4: Versión | F4: 3
C6: [La entidad podrá utilizar este formato para la presentación de los análisis de precios unitarios el contratista en la oportunidad prevista en el numeral 8.1. del Documento Base]
D9: ALCALDÍA MUNICIPAL DE ASTREA CESAR
L10: VERSIÓN
D11: [NÚMERO DEL PROCESO]
L12: PÁGINA | M12: 1 | N12: DE | O12: 1
D14: ANALISIS DE PRECIOS UNITARIOS
L16: FECHA | M16: DD | N16: MM | O16: AA
C18: ITEMS DE LA PROPUESTA ECONÓMICA | I18: ITEMS NO PREVISTOS
C22: DATOS ESPECÍFICOS
C24: ITEM | D24: DESCRIPCIÓN | M24: UNIDAD | O24: CANTIDAD
C25: =+'PRESUPUESTO OFICIAL (Entidad)'!C24 -> 2.2 | D25: =+'PRESUPUESTO OFICIAL (Entidad)'!G24 -> EXCAVACION MANUAL SIN CLASIFICAR. NO INCLUYE RETIRO | M25: =+'PRESUPUESTO OFICIAL (Entidad)'!H24 -> M3 | O25: =+'PRESUPUESTO OFICIAL (Entidad)'!I24 -> 46
C26: I. EQUIPO
C29: DESCRIPCIÓN | H29: MARCA | J29: TIPO | L29: VR. UNITARIO | M29: CANTIDAD | O29: Vr. TOTAL
C31: HERRAMIENTA MENOR (10% VR) | J31: % | L31: =+O52 -> 77211 | M31: 0.1 | O31: =+L31*M31 -> 7721.1
C33: SUBTOTAL $ | O33: =+O30+O31+O32 -> 7721.1
C34: II. MATERIALES
C37: DESCRIPCIÓN | K37: UNIDAD | L37: CANTIDAD | M37: PRECIO UNIT. | O37: Vr. UNITARIO
O38: =+L38*M38 -> 0
C40: SUBTOTAL $ | O40: =+O38+O39 -> 0
C41: III. TRANSPORTES
C44: MATERIAL | J44: VOL. o PESO | K44: DISTANCIA | L44: M3 o Ton/Km | M44: TARIFA | O44: Vr. UNITARIO
O45: =+J45*K45*M45 -> 0
C47: SUBTOTAL $ | O47: =+O45+O46 -> 0
C48: IV. MANO DE OBRA
C51: TRABAJADOR | J51: UND | K51: PRESTACIONES | L51: RENDIMIENTO | M51: PRECIO UNITARIO | O51: Vr. UNITARIO
C52: CUADRILLA AA | J52: HH | L52: 1.533 | M52: 50365.838 | O52: =ROUND(L52*M52,0) -> 77211
C56: SUBTOTAL $ | O56: =+O52+O54+O53+O55 -> 77211
C58: TOTAL COSTO DIRECTO $ | O58: =ROUND(O33+O56+O47+O40,0) -> 84932
C59: V. COSTOS INDIRECTOS
C62: Descripción | L62: Porcentaje | M62: Valor Total
C63: ADMINISTRACION | L63: 0.24 | M63: =+O58 -> 84932 | O63: =+L63*M63 -> 20383.68
C64: IMPREVISTOS | L64: 0.01 | M64: =+O58 -> 84932 | O64: =+L64*M64 -> 849.32
C65: UTILIDAD | L65: 0.05 | M65: =+O58 -> 84932 | O65: =+L65*M65 -> 4246.6
C66: SUBTOTAL $ | O66: =+O58+O63+O64+O65 -> 110411.6
C68: Precio Unitario Total Aproximado al peso $ | O68: =+O66 -> 110411.6
H72: Firma
H73: Nombre:
H74: Representante Legal del Contratista o su Apoderado
H75: Matricula No. :
C77: OBSERVACIONES INTERVENTORÍA
C81: APROBACIÓN POR INTERVENTORÍA
C82: Nota 1: Cuando se trate de Análisis de precios unitarios correspondientes a ítems de la propuesta económica aprobada, el Interventor aprueba el desglose de los componentes manteniendo el mismo precio unitario de cada ítem, cumpliendo con las especificaciones de construcción vigentes para el proyecto.
C84: Nota 2: Cuando se trate de Análisis de precios unitarios de ítems no previstos, el Interventor aprueba el desglose y precio unitario de cada ítem no previsto, exigiendo la aplicación de los costos correspondientes a insumos y tarifas de la propuesta económica inicial cuando estén contemplados, cumpliendo con las especificaciones de construcción vigente para el proyecto.
H87: Firma
H88: Nombre:
H89: Representante Legal del Interventor o su Apoderado
H90: Matricula No. :

Sheet 2,3
C3: Formulario 1 - Propuesta económica - Documento tipo de selección abreviada de menor cuantía - versión 3
C4: Código | D4: CCE-EICP-FM-25 | E4: Versión | F4: 3
C6: [La entidad podrá utilizar este formato para la presentación de los análisis de precios unitarios el contratista en la oportunidad prevista en el numeral 8.1. del Documento Base]
D9: ALCALDÍA MUNICIPAL DE ASTREA CESAR
L10: VERSIÓN
D11: [NÚMERO DEL PROCESO]
L12: PÁGINA | M12: 1 | N12: DE | O12: 1
D14: ANALISIS DE PRECIOS UNITARIOS
L16: FECHA | M16: DD | N16: MM | O16: AA
C18: ITEMS DE LA PROPUESTA ECONÓMICA | I18: ITEMS NO PREVISTOS
C22: DATOS ESPECÍFICOS
C24: ITEM | D24: DESCRIPCIÓN | M24: UNIDAD | O24: CANTIDAD
C25: =+'PRESUPUESTO OFICIAL (Entidad)'!C25 -> 2.3 | D25: =+'PRESUPUESTO OFICIAL (Entidad)'!G25 -> TRANSPORTE DE MATERIALES PROVENIENTES DE EXCAVACIONES Y DEMOLICIONES | M25: =+'PRESUPUESTO OFICIAL (Entidad)'!H25 -> M3-KM | O25: =+'PRESUPUESTO OFICIAL (Entidad)'!I25 -> 2153
C26: I. EQUIPO
C29: DESCRIPCIÓN | H29: MARCA | J29: TIPO | L29: VR. UNITARIO | M29: CANTIDAD | O29: Vr. TOTAL
C30: VOLQUETA (ALQUILER) | J30: VIAJE | L30: 160000 | M30: 0.01 | O30: =+L30*M30 -> 1600
C31: HERRAMIENTA MENOR (10% VR) | J31: % | L31: =+O52 -> 0 | M31: 0.1 | O31: =+L31*M31 -> 0
C33: SUBTOTAL $ | O33: =+O30+O31+O32 -> 1600
C34: II. MATERIALES
C37: DESCRIPCIÓN | K37: UNIDAD | L37: CANTIDAD | M37: PRECIO UNIT. | O37: Vr. UNITARIO
O38: =+L38*M38 -> 0
C40: SUBTOTAL $ | O40: =+O38+O39 -> 0
C41: III. TRANSPORTES
C44: MATERIAL | J44: VOL. o PESO | K44: DISTANCIA | L44: M3 o Ton/Km | M44: TARIFA | O44: Vr. UNITARIO
O45: =+J45*K45*M45 -> 0
C47: SUBTOTAL $ | O47: =+O45+O46 -> 0
C48: IV. MANO DE OBRA
C51: TRABAJADOR | J51: UND | K51: PRESTACIONES | L51: RENDIMIENTO | M51: PRECIO UNITARIO | O51: Vr. UNITARIO
O52: =ROUND(L52*M52,0) -> 0
C56: SUBTOTAL $ | O56: =+O52+O54+O53+O55 -> 0
C58: TOTAL COSTO DIRECTO $ | O58: =ROUND(O33+O56+O47+O40,0) -> 1600
C59: V. COSTOS INDIRECTOS
C62: Descripción | L62: Porcentaje | M62: Valor Total
C63: ADMINISTRACION | L63: 0.24 | M63: =+O58 -> 1600 | O63: =+L63*M63 -> 384
C64: IMPREVISTOS | L64: 0.01 | M64: =+O58 -> 1600 | O64: =+L64*M64 -> 16
C65: UTILIDAD | L65: 0.05 | M65: =+O58 -> 1600 | O65: =+L65*M65 -> 80
C66: SUBTOTAL $ | O66: =+O58+O63+O64+O65 -> 2080
C68: Precio Unitario Total Aproximado al peso $ | O68: =+O66 -> 2080
H72: Firma
H73: Nombre:
H74: Representante Legal del Contratista o su Apoderado
H75: Matricula No. :
C77: OBSERVACIONES INTERVENTORÍA
C81: APROBACIÓN POR INTERVENTORÍA
C82: Nota 1: Cuando se trate de Análisis de precios unitarios correspondientes a ítems de la propuesta económica aprobada, el Interventor aprueba el desglose de los componentes manteniendo el mismo precio unitario de cada ítem, cumpliendo con las especificaciones de construcción vigentes para el proyecto.
C84: Nota 2: Cuando se trate de Análisis de precios unitarios de ítems no previstos, el Interventor aprueba el desglose y precio unitario de cada ítem no previsto, exigiendo la aplicación de los costos correspondientes a insumos y tarifas de la propuesta económica inicial cuando estén contemplados, cumpliendo con las especificaciones de construcción vigente para el proyecto.
H87: Firma
H88: Nombre:
H89: Representante Legal del Interventor o su Apoderado
H90: Matricula No. :

Sheet 3,1
C3: Formulario 1 - Propuesta económica - Documento tipo de selección abreviada de menor cuantía - versión 3
C4: Código | D4: CCE-EICP-FM-25 | E4: Versión | F4: 3
C6: [La entidad podrá utilizar este formato para la presentación de los análisis de precios unitarios el contratista en la oportunidad prevista en el numeral 8.1. del Documento Base]
D9: ALCALDÍA MUNICIPAL DE ASTREA CESAR
L10: VERSIÓN
D11: [NÚMERO DEL PROCESO]
L12: PÁGINA | M12: 1 | N12: DE | O12: 1
D14: ANALISIS DE PRECIOS UNITARIOS
L16: FECHA | M16: DD | N16: MM | O16: AA
C18: ITEMS DE LA PROPUESTA ECONÓMICA | I18: ITEMS NO PREVISTOS
C22: DATOS ESPECÍFICOS
C24: ITEM | D24: DESCRIPCIÓN | M24: UNIDAD | O24: CANTIDAD
C25: =+'PRESUPUESTO OFICIAL (Entidad)'!C29 -> 3.1 | D25: =+'PRESUPUESTO OFICIAL (Entidad)'!G29 -> SUMINISTRO Y COMPACTACIÓN DE RELLENO DE TERRENO CON MATERIAL SELECCIONADO DE SITIO (Incluye transporte) | M25: =+'PRESUPUESTO OFICIAL (Entidad)'!H29 -> M3 | O25: =+'PRESUPUESTO OFICIAL (Entidad)'!I29 -> 92
C26: I. EQUIPO
C29: DESCRIPCIÓN | H29: MARCA | J29: TIPO | L29: VR. UNITARIO | M29: CANTIDAD | O29: Vr. TOTAL
C30: MINICARGADOR | J30: HR | L30: 90000 | M30: 0.0818 | O30: =+L30*M30 -> 7362
C31: COMPACTADOR TIPO RANA-CANGURO | J31: DÍA | L31: 70000 | M31: 0.06 | O31: =+L31*M31 -> 4200
C32: HERRAMIENTA MENOR (10% VR) | J32: % | L32: =+O53 -> 27701 | M32: 0.1 | O32: =+L32*M32 -> 2770.1
C34: SUBTOTAL $ | O34: =+SUM(O30:O33) -> 14332.1
C35: II. MATERIALES
C38: DESCRIPCIÓN | K38: UNIDAD | L38: CANTIDAD | M38: PRECIO UNIT. | O38: Vr. UNITARIO
C39: AGUA | K39: LT | L39: 50 | M39: 85 | O39: =+L39*M39 -> 4250
C41: SUBTOTAL $ | O41: =+O39+O40 -> 4250
C42: III. TRANSPORTES
C45: MATERIAL | J45: VOL. o PESO | K45: DISTANCIA | L45: M3 o Ton/Km | M45: TARIFA | O45: Vr. UNITARIO
O46: =+J46*K46*M46 -> 0
C48: SUBTOTAL $ | O48: =+O46+O47 -> 0
C49: IV. MANO DE OBRA
C52: TRABAJADOR | J52: UND | K52: PRESTACIONES | L52: RENDIMIENTO | M52: PRECIO UNITARIO | O52: Vr. UNITARIO
C53: CUADRILLA AA | J53: HH | L53: 0.55 | M53: 50365.84 | O53: =ROUND(L53*M53,0) -> 27701
C57: SUBTOTAL $ | O57: =+O53+O55+O54+O56 -> 27701
C59: TOTAL COSTO DIRECTO $ | O59: =ROUND(O34+O57+O48+O41,0) -> 46283
C60: V. COSTOS INDIRECTOS
C63: Descripción | L63: Porcentaje | M63: Valor Total
C64: ADMINISTRACION | L64: 0.24 | M64: =+O59 -> 46283 | O64: =+L64*M64 -> 11107.92
C65: IMPREVISTOS | L65: 0.01 | M65: =+O59 -> 46283 | O65: =+L65*M65 -> 462.83
C66: UTILIDAD | L66: 0.05 | M66: =+O59 -> 46283 | O66: =+L66*M66 -> 2314.15
C67: SUBTOTAL $ | O67: =+O59+O64+O65+O66 -> 60167.9
C69: Precio Unitario Total Aproximado al peso $ | O69: =+O67 -> 60167.9
H73: Firma
H74: Nombre:
H75: Representante Legal del Contratista o su Apoderado
H76: Matricula No. :
C78: OBSERVACIONES INTERVENTORÍA
C82: APROBACIÓN POR INTERVENTORÍA
C83: Nota 1: Cuando se trate de Análisis de precios unitarios correspondientes a ítems de la propuesta económica aprobada, el Interventor aprueba el desglose de los componentes manteniendo el mismo precio unitario de cada ítem, cumpliendo con las especificaciones de construcción vigentes para el proyecto.
C85: Nota 2: Cuando se trate de Análisis de precios unitarios de ítems no previstos, el Interventor aprueba el desglose y precio unitario de cada ítem no previsto, exigiendo la aplicación de los costos correspondientes a insumos y tarifas de la propuesta económica inicial cuando estén contemplados, cumpliendo con las especificaciones de construcción vigente para el proyecto.
H88: Firma
H89: Nombre:
H90: Representante Legal del Interventor o su Apoderado
H91: Matricula No. :

Sheet 3,2
C3: Formulario 1 - Propuesta económica - Documento tipo de selección abreviada de menor cuantía - versión 3
C4: Código | D4: CCE-EICP-FM-25 | E4: Versión | F4: 3
C6: [La entidad podrá utilizar este formato para la presentación de los análisis de precios unitarios el contratista en la oportunidad prevista en el numeral 8.1. del Documento Base]
D9: ALCALDÍA MUNICIPAL DE ASTREA CESAR
L10: VERSIÓN
D11: [NÚMERO DEL PROCESO]
L12: PÁGINA | M12: 1 | N12: DE | O12: 1
D14: ANALISIS DE PRECIOS UNITARIOS
L16: FECHA | M16: DD | N16: MM | O16: AA
C18: ITEMS DE LA PROPUESTA ECONÓMICA | I18: ITEMS NO PREVISTOS
C22: DATOS ESPECÍFICOS
C24: ITEM | D24: DESCRIPCIÓN | M24: UNIDAD | O24: CANTIDAD
C25: =+'PRESUPUESTO OFICIAL (Entidad)'!C30 -> 3.2 | D25: =+'PRESUPUESTO OFICIAL (Entidad)'!G30 -> SUMINISTRO Y COMPACTACIÓN DE RELLENO DE TERRENO CON MATERIAL SUMINISTRADO DE CANTERA (Incluye transporte)) | M25: =+'PRESUPUESTO OFICIAL (Entidad)'!H30 -> M3 | O25: =+'PRESUPUESTO OFICIAL (Entidad)'!I30 -> 138
C26: I. EQUIPO
C29: DESCRIPCIÓN | H29: MARCA | J29: TIPO | L29: VR. UNITARIO | M29: CANTIDAD | O29: Vr. TOTAL
C30: MINICARGADOR | J30: HR | L30: 90000 | M30: 0.0818 | O30: =+L30*M30 -> 7362
C31: COMPACTADOR TIPO RANA-CANGURO | J31: DÍA | L31: 70000 | M31: 0.06 | O31: =+L31*M31 -> 4200
C32: HERRAMIENTA MENOR (10% VR) | J32: % | L32: =+O53 -> 27701 | M32: 0.1 | O32: =+L32*M32 -> 2770.1
C34: SUBTOTAL $ | O34: =+SUM(O30:O33) -> 14332.1
C35: II. MATERIALES
C38: DESCRIPCIÓN | K38: UNIDAD | L38: CANTIDAD | M38: PRECIO UNIT. | O38: Vr. UNITARIO
C39: AGUA | K39: LT | L39: 50 | M39: 85 | O39: =+L39*M39 -> 4250
C40: MATERIAL PARA LLENOS NORMA INVIAS ART 220-07 | K40: M3 | L40: =1.3*(1+5%) -> 1.365 | M40: 22800 | O40: =+L40*M40 -> 31122
C41: SUBTOTAL $ | O41: =+O39+O40 -> 35372
C42: III. TRANSPORTES
C45: MATERIAL | J45: VOL. o PESO | K45: DISTANCIA | L45: M3 o Ton/Km | M45: TARIFA | O45: Vr. UNITARIO
C46: TRANSPORTE DE AGREGADOS Y RELLENOS DE CANTERA (PETREOS) | J46: 1.3 | K46: 20 | L46: m3/km | M46: 1200 | O46: =+J46*K46*M46 -> 31200
C48: SUBTOTAL $ | O48: =+O46+O47 -> 31200
C49: IV. MANO DE OBRA
C52: TRABAJADOR | J52: UND | K52: PRESTACIONES | L52: RENDIMIENTO | M52: PRECIO UNITARIO | O52: Vr. UNITARIO
C53: CUADRILLA AA | J53: HH | L53: 0.55 | M53: 50365.84 | O53: =ROUND(L53*M53,0) -> 27701
C57: SUBTOTAL $ | O57: =+O53+O55+O54+O56 -> 27701
C59: TOTAL COSTO DIRECTO $ | O59: =ROUND(O34+O57+O48+O41,0) -> 108605
C60: V. COSTOS INDIRECTOS
C63: Descripción | L63: Porcentaje | M63: Valor Total
C64: ADMINISTRACION | L64: 0.24 | M64: =+O59 -> 108605 | O64: =+L64*M64 -> 26065.2
C65: IMPREVISTOS | L65: 0.01 | M65: =+O59 -> 108605 | O65: =+L65*M65 -> 1086.05
C66: UTILIDAD | L66: 0.05 | M66: =+O59 -> 108605 | O66: =+L66*M66 -> 5430.25
C67: SUBTOTAL $ | O67: =+O59+O64+O65+O66 -> 141186.5
C69: Precio Unitario Total Aproximado al peso $ | O69: =+O67 -> 141186.5
H73: Firma
H74: Nombre:
H75: Representante Legal del Contratista o su Apoderado
H76: Matricula No. :
C78: OBSERVACIONES INTERVENTORÍA
C82: APROBACIÓN POR INTERVENTORÍA
C83: Nota 1: Cuando se trate de Análisis de precios unitarios correspondientes a ítems de la propuesta económica aprobada, el Interventor aprueba el desglose de los componentes manteniendo el mismo precio unitario de cada ítem, cumpliendo con las especificaciones de construcción vigentes para el proyecto.
C85: Nota 2: Cuando se trate de Análisis de precios unitarios de ítems no previstos, el Interventor aprueba el desglose y precio unitario de cada ítem no previsto, exigiendo la aplicación de los costos correspondientes a insumos y tarifas de la propuesta económica inicial cuando estén contemplados, cumpliendo con las especificaciones de construcción vigente para el proyecto.
H88: Firma
H89: Nombre:
H90: Representante Legal del Interventor o su Apoderado
H91: Matricula No. :

Sheet 3,3
C3: Formulario 1 - Propuesta económica - Documento tipo de selección abreviada de menor cuantía - versión 3
C4: Código | D4: CCE-EICP-FM-25 | E4: Versión | F4: 3
C6: [La entidad podrá utilizar este formato para la presentación de los análisis de precios unitarios el contratista en la oportunidad prevista en el numeral 8.1. del Documento Base]
D9: ALCALDÍA MUNICIPAL DE ASTREA CESAR
L10: VERSIÓN
D11: [NÚMERO DEL PROCESO]
L12: PÁGINA | M12: 1 | N12: DE | O12: 1
D14: ANALISIS DE PRECIOS UNITARIOS
L16: FECHA | M16: DD | N16: MM | O16: AA
C18: ITEMS DE LA PROPUESTA ECONÓMICA | I18: ITEMS NO PREVISTOS
C22: DATOS ESPECÍFICOS
C24: ITEM | D24: DESCRIPCIÓN | M24: UNIDAD | O24: CANTIDAD
C25: =+'PRESUPUESTO OFICIAL (Entidad)'!C31 -> 3.3 | D25: =+'PRESUPUESTO OFICIAL (Entidad)'!G31 -> SUMINISTRO Y COMPACTACIÓN DE RELLENO DE TERRENO CON SUBBASE GRANULAR (Incluye transporte) | M25: =+'PRESUPUESTO OFICIAL (Entidad)'!H31 -> M3 | O25: =+'PRESUPUESTO OFICIAL (Entidad)'!I31 -> 5
C26: I. EQUIPO
C29: DESCRIPCIÓN | H29: MARCA | J29: TIPO | L29: VR. UNITARIO | M29: CANTIDAD | O29: Vr. TOTAL
C30: MINICARGADOR | J30: HR | L30: 90000 | M30: 0.0818 | O30: =+L30*M30 -> 7362
C31: COMPACTADOR TIPO RANA-CANGURO | J31: DÍA | L31: 70000 | M31: 0.06 | O31: =+L31*M31 -> 4200
C32: HERRAMIENTA MENOR (10% VR) | J32: % | L32: =+O53 -> 40293 | M32: 0.1 | O32: =+L32*M32 -> 4029.3
C34: SUBTOTAL $ | O34: =+SUM(O30:O33) -> 15591.3
C35: II. MATERIALES
C38: DESCRIPCIÓN | K38: UNIDAD | L38: CANTIDAD | M38: PRECIO UNIT. | O38: Vr. UNITARIO
C39: AGUA | K39: LT | L39: 50 | M39: 85 | O39: =+L39*M39 -> 4250
C40: SUB-BASE GRANULAR NORMA INVIAS. NO INCLUYE TRANSPORTE | K40: M3 | L40: =1.3*(1+5%) -> 1.365 | M40: 40000 | O40: =+L40*M40 -> 54600
C41: SUBTOTAL $ | O41: =+O39+O40 -> 58850
C42: III. TRANSPORTES
C45: MATERIAL | J45: VOL. o PESO | K45: DISTANCIA | L45: M3 o Ton/Km | M45: TARIFA | O45: Vr. UNITARIO
C46: TRANSPORTE DE AGREGADOS Y RELLENOS DE CANTERA (PETREOS) | J46: 1.3 | K46: 88 | L46: m3/km | M46: 1200 | O46: =+J46*K46*M46 -> 137280
C48: SUBTOTAL $ | O48: =+O46+O47 -> 137280
C49: IV. MANO DE OBRA
C52: TRABAJADOR | J52: UND | K52: PRESTACIONES | L52: RENDIMIENTO | M52: PRECIO UNITARIO | O52: Vr. UNITARIO
C53: CUADRILLA AA | J53: HH | L53: 0.8 | M53: 50365.84 | O53: =ROUND(L53*M53,0) -> 40293
C57: SUBTOTAL $ | O57: =+O53+O55+O54+O56 -> 40293
C59: TOTAL COSTO DIRECTO $ | O59: =ROUND(O34+O57+O48+O41,0) -> 252014
C60: V. COSTOS INDIRECTOS
C63: Descripción | L63: Porcentaje | M63: Valor Total
C64: ADMINISTRACION | L64: 0.24 | M64: =+O59 -> 252014 | O64: =+L64*M64 -> 60483.36
C65: IMPREVISTOS | L65: 0.01 | M65: =+O59 -> 252014 | O65: =+L65*M65 -> 2520.14
C66: UTILIDAD | L66: 0.05 | M66: =+O59 -> 252014 | O66: =+L66*M66 -> 12600.7
C67: SUBTOTAL $ | O67: =+O59+O64+O65+O66 -> 327618.2
C69: Precio Unitario Total Aproximado al peso $ | O69: =+O67 -> 327618.2
H73: Firma
H74: Nombre:
H75: Representante Legal del Contratista o su Apoderado
H76: Matricula No. :
C78: OBSERVACIONES INTERVENTORÍA
C82: APROBACIÓN POR INTERVENTORÍA
C83: Nota 1: Cuando se trate de Análisis de precios unitarios correspondientes a ítems de la propuesta económica aprobada, el Interventor aprueba el desglose de los componentes manteniendo el mismo precio unitario de cada ítem, cumpliendo con las especificaciones de construcción vigentes para el proyecto.
C85: Nota 2: Cuando se trate de Análisis de precios unitarios de ítems no previstos, el Interventor aprueba el desglose y precio unitario de cada ítem no previsto, exigiendo la aplicación de los costos correspondientes a insumos y tarifas de la propuesta económica inicial cuando estén contemplados, cumpliendo con las especificaciones de construcción vigente para el proyecto.
H88: Firma
H89: Nombre:
H90: Representante Legal del Interventor o su Apoderado
H91: Matricula No. :

Sheet 4,1
C3: Formulario 1 - Propuesta económica - Documento tipo de selección abreviada de menor cuantía - versión 3
C4: Código | D4: CCE-EICP-FM-25 | E4: Versión | F4: 3
C6: [La entidad podrá utilizar este formato para la presentación de los análisis de precios unitarios el contratista en la oportunidad prevista en el numeral 8.1. del Documento Base]
D9: ALCALDÍA MUNICIPAL DE ASTREA CESAR
L10: VERSIÓN
D11: [NÚMERO DEL PROCESO]
L12: PÁGINA | M12: 1 | N12: DE | O12: 1
D14: ANALISIS DE PRECIOS UNITARIOS
L16: FECHA | M16: DD | N16: MM | O16: AA
C18: ITEMS DE LA PROPUESTA ECONÓMICA | I18: ITEMS NO PREVISTOS
C22: DATOS ESPECÍFICOS
C24: ITEM | D24: DESCRIPCIÓN | M24: UNIDAD | O24: CANTIDAD
C25: =+'PRESUPUESTO OFICIAL (Entidad)'!C35 -> 4.1 | D25: =+'PRESUPUESTO OFICIAL (Entidad)'!G35 -> CONCRETO DE LIMPIEZA DE 2,000 PSI PARA SOLADO E: 0,05m | M25: =+'PRESUPUESTO OFICIAL (Entidad)'!H35 -> M3 | O25: =+'PRESUPUESTO OFICIAL (Entidad)'!I35 -> 2
C26: I. EQUIPO
C29: DESCRIPCIÓN | H29: MARCA | J29: TIPO | L29: VR. UNITARIO | M29: CANTIDAD | O29: Vr. TOTAL
C30: HERRAMIENTA MENOR (10% VR) | J30: % | L30: =+O53 -> 21224 | M30: 0.1 | O30: =+L30*M30 -> 2122.4
C34: SUBTOTAL $ | O34: =+SUM(O30:O33) -> 2122.4
C35: II. MATERIALES
C38: DESCRIPCIÓN | K38: UNIDAD | L38: CANTIDAD | M38: PRECIO UNIT. | O38: Vr. UNITARIO
C39: CONCRETO DE 2000 PSI ELABORADO EN OBRA | K39: M3 | L39: =1*(1+5%) -> 1.05 | M39: 580274 | O39: =+L39*M39 -> 609287.7
C41: SUBTOTAL $ | O41: =+O39+O40 -> 609287.7
C42: III. TRANSPORTES
C45: MATERIAL | J45: VOL. o PESO | K45: DISTANCIA | L45: M3 o Ton/Km | M45: TARIFA | O45: Vr. UNITARIO
C48: SUBTOTAL $ | O48: =+O46+O47 -> 0
C49: IV. MANO DE OBRA
C52: TRABAJADOR | J52: UND | K52: PRESTACIONES | L52: RENDIMIENTO | M52: PRECIO UNITARIO | O52: Vr. UNITARIO
C53: CUADRILLA AA | J53: HH | L53: 0.4213913 | M53: 50365.84 | O53: =ROUND(L53*M53,0) -> 21224
C57: SUBTOTAL $ | O57: =+O53+O55+O54+O56 -> 21224
C59: TOTAL COSTO DIRECTO $ | O59: =ROUND(O34+O57+O48+O41,0) -> 632634
C60: V. COSTOS INDIRECTOS
C63: Descripción | L63: Porcentaje | M63: Valor Total
C64: ADMINISTRACION | L64: 0.24 | M64: =+O59 -> 632634 | O64: =+L64*M64 -> 151832.16
C65: IMPREVISTOS | L65: 0.01 | M65: =+O59 -> 632634 | O65: =+L65*M65 -> 6326.34
C66: UTILIDAD | L66: 0.05 | M66: =+O59 -> 632634 | O66: =+L66*M66 -> 31631.7
C67: SUBTOTAL $ | O67: =+O59+O64+O65+O66 -> 822424.2
C69: Precio Unitario Total Aproximado al peso $ | O69: =+O67 -> 822424.2
H73: Firma
H74: Nombre:
H75: Representante Legal del Contratista o su Apoderado
H76: Matricula No. :
C78: OBSERVACIONES INTERVENTORÍA
C82: APROBACIÓN POR INTERVENTORÍA
C83: Nota 1: Cuando se trate de Análisis de precios unitarios correspondientes a ítems de la propuesta económica aprobada, el Interventor aprueba el desglose de los componentes manteniendo el mismo precio unitario de cada ítem, cumpliendo con las especificaciones de construcción vigentes para el proyecto.
C85: Nota 2: Cuando se trate de Análisis de precios unitarios de ítems no previstos, el Interventor aprueba el desglose y precio unitario de cada ítem no previsto, exigiendo la aplicación de los costos correspondientes a insumos y tarifas de la propuesta económica inicial cuando estén contemplados, cumpliendo con las especificaciones de construcción vigente para el proyecto.
H88: Firma
H89: Nombre:
H90: Representante Legal del Interventor o su Apoderado
H91: Matricula No. :

Sheet 4,2
C3: Formulario 1 - Propuesta económica - Documento tipo de selección abreviada de menor cuantía - versión 3
C4: Código | D4: CCE-EICP-FM-25 | E4: Versión | F4: 3
C6: [La entidad podrá utilizar este formato para la presentación de los análisis de precios unitarios el contratista en la oportunidad prevista en el numeral 8.1. del Documento Base]
D9: ALCALDÍA MUNICIPAL DE ASTREA CESAR
L10: VERSIÓN
D11: [NÚMERO DEL PROCESO]
L12: PÁGINA | M12: 1 | N12: DE | O12: 1
D14: ANALISIS DE PRECIOS UNITARIOS
L16: FECHA | M16: DD | N16: MM | O16: AA
C18: ITEMS DE LA PROPUESTA ECONÓMICA | I18: ITEMS NO PREVISTOS
C22: DATOS ESPECÍFICOS
C24: ITEM | D24: DESCRIPCIÓN | M24: UNIDAD | O24: CANTIDAD
C25: =+'PRESUPUESTO OFICIAL (Entidad)'!C36 -> 4.2 | D25: =+'PRESUPUESTO OFICIAL (Entidad)'!G36 -> CONCRETO DE 4,000 PSI PARA ESTRIBO | M25: =+'PRESUPUESTO OFICIAL (Entidad)'!H35 -> M3 | O25: =+'PRESUPUESTO OFICIAL (Entidad)'!I36 -> 37
C26: I. EQUIPO
C29: DESCRIPCIÓN | H29: MARCA | J29: TIPO | L29: VR. UNITARIO | M29: CANTIDAD | O29: Vr. TOTAL
C30: VIBRADOR DE CONCRETO CON OPERADOR | J30: DÍA | L30: 92800 | M30: 0.5 | O30: =+L30*M30 -> 46400
C31: MEZCLADORA DE CONCRETO (ALQUILER) INCLUYE TRANSPORTE | J31: DÍA | L31: 120000 | M31: 0.5 | O31: =+L31*M31 -> 60000
C32: ANDAMIOS | J32: DÍA | L32: 25000 | M32: 2 | O32: =+L32*M32 -> 50000
C33: HERRAMIENTA MENOR (10% VR) | J33: % | L33: =+O53 -> 503658 | M33: 0.1 | O33: =+L33*M33 -> 50365.8
C34: SUBTOTAL $ | O34: =+SUM(O30:O33) -> 206765.8
C35: II. MATERIALES
C38: DESCRIPCIÓN | K38: UNIDAD | L38: CANTIDAD | M38: PRECIO UNIT. | O38: Vr. UNITARIO
C39: FORMALETA | K39: UND | L39: 12 | M39: 28560 | O39: =+L39*M39 -> 342720
C40: CONCRETO DE 4000 PSI IMPERMEABILIZADO, ELABORADO EN OBRA | K40: M3 | L40: =1*(1+5%) -> 1.05 | M40: 726735 | O40: =+L40*M40 -> 763071.75
C41: SUBTOTAL $ | O41: =+O39+O40 -> 1105791.8
C42: III. TRANSPORTES
C45: MATERIAL | J45: VOL. o PESO | K45: DISTANCIA | L45: M3 o Ton/Km | M45: TARIFA | O45: Vr. UNITARIO
C48: SUBTOTAL $ | O48: =+O46+O47 -> 0
C49: IV. MANO DE OBRA
C52: TRABAJADOR | J52: UND | K52: PRESTACIONES | L52: RENDIMIENTO | M52: PRECIO UNITARIO | O52: Vr. UNITARIO
C53: CUADRILLA AA | J53: HH | L53: 10 | M53: 50365.84 | O53: =ROUND(L53*M53,0) -> 503658
C57: SUBTOTAL $ | O57: =+O53+O55+O54+O56 -> 503658
C59: TOTAL COSTO DIRECTO $ | O59: =ROUND(O34+O57+O48+O41,0) -> 1816216
C60: V. COSTOS INDIRECTOS
C63: Descripción | L63: Porcentaje | M63: Valor Total
C64: ADMINISTRACION | L64: 0.24 | M64: =+O59 -> 1816216 | O64: =+L64*M64 -> 435891.84
C65: IMPREVISTOS | L65: 0.01 | M65: =+O59 -> 1816216 | O65: =+L65*M65 -> 18162.16
C66: UTILIDAD | L66: 0.05 | M66: =+O59 -> 1816216 | O66: =+L66*M66 -> 90810.8
C67: SUBTOTAL $ | O67: =+O59+O64+O65+O66 -> 2361080.8
C69: Precio Unitario Total Aproximado al peso $ | O69: =+O67 -> 2361080.8
H73: Firma
H74: Nombre:
H75: Representante Legal del Contratista o su Apoderado
H76: Matricula No. :
C78: OBSERVACIONES INTERVENTORÍA
C82: APROBACIÓN POR INTERVENTORÍA
C83: Nota 1: Cuando se trate de Análisis de precios unitarios correspondientes a ítems de la propuesta económica aprobada, el Interventor aprueba el desglose de los componentes manteniendo el mismo precio unitario de cada ítem, cumpliendo con las especificaciones de construcción vigentes para el proyecto.
C85: Nota 2: Cuando se trate de Análisis de precios unitarios de ítems no previstos, el Interventor aprueba el desglose y precio unitario de cada ítem no previsto, exigiendo la aplicación de los costos correspondientes a insumos y tarifas de la propuesta económica inicial cuando estén contemplados, cumpliendo con las especificaciones de construcción vigente para el proyecto.
H88: Firma
H89: Nombre:
H90: Representante Legal del Interventor o su Apoderado
H91: Matricula No. :

Sheet 4,3
C3: Formulario 1 - Propuesta económica - Documento tipo de selección abreviada de menor cuantía - versión 3
C4: Código | D4: CCE-EICP-FM-25 | E4: Versión | F4: 3
C6: [La entidad podrá utilizar este formato para la presentación de los análisis de precios unitarios el contratista en la oportunidad prevista en el numeral 8.1. del Documento Base]
D9: ALCALDÍA MUNICIPAL DE ASTREA CESAR
L10: VERSIÓN
D11: [NÚMERO DEL PROCESO]
L12: PÁGINA | M12: 1 | N12: DE | O12: 1
D14: ANALISIS DE PRECIOS UNITARIOS
L16: FECHA | M16: DD | N16: MM | O16: AA
C18: ITEMS DE LA PROPUESTA ECONÓMICA | I18: ITEMS NO PREVISTOS
C22: DATOS ESPECÍFICOS
C24: ITEM | D24: DESCRIPCIÓN | M24: UNIDAD | O24: CANTIDAD
C25: =+'PRESUPUESTO OFICIAL (Entidad)'!C37 -> 4.3 | D25: =+'PRESUPUESTO OFICIAL (Entidad)'!G37 -> CONCRETO DE 4,000 PSI PARA VIGAS AÉREAS | M25: =+'PRESUPUESTO OFICIAL (Entidad)'!H35 -> M3 | O25: =+'PRESUPUESTO OFICIAL (Entidad)'!I37 -> 15
C26: I. EQUIPO
C29: DESCRIPCIÓN | H29: MARCA | J29: TIPO | L29: VR. UNITARIO | M29: CANTIDAD | O29: Vr. TOTAL
C30: VIBRADOR DE CONCRETO CON OPERADOR | J30: DÍA | L30: 92800 | M30: 0.5 | O30: =+L30*M30 -> 46400
C31: MEZCLADORA DE CONCRETO (ALQUILER) INCLUYE TRANSPORTE | J31: DÍA | L31: 120000 | M31: 0.5 | O31: =+L31*M31 -> 60000
C32: ANDAMIOS | J32: DÍA | L32: 25000 | M32: 2 | O32: =+L32*M32 -> 50000
C33: PUNTALES Y CERCHAS | J33: DÍA | L33: 5000 | M33: 8 | O33: =+L33*M33 -> 40000
C34: HERRAMIENTA MENOR (10% VR) | J34: % | L34: =+O54 -> 654756 | M34: 0.1 | O34: =ROUND(L34*M34,0) -> 65476
C35: SUBTOTAL $ | O35: =+SUM(O30:O34) -> 261876
C36: II. MATERIALES
C39: DESCRIPCIÓN | K39: UNIDAD | L39: CANTIDAD | M39: PRECIO UNIT. | O39: Vr. UNITARIO
C40: FORMALETA | K40: UND | L40: 15 | M40: 28560 | O40: =+L40*M40 -> 428400
C41: CONCRETO DE 4000 PSI IMPERMEABILIZADO, ELABORADO EN OBRA | K41: M3 | L41: =1*(1+5%) -> 1.05 | M41: 726735 | O41: =ROUND(L41*M41,0) -> 763072
C42: SUBTOTAL $ | O42: =+O40+O41 -> 1191472
C43: III. TRANSPORTES
C46: MATERIAL | J46: VOL. o PESO | K46: DISTANCIA | L46: M3 o Ton/Km | M46: TARIFA | O46: Vr. UNITARIO
C49: SUBTOTAL $ | O49: =+O47+O48 -> 0
C50: IV. MANO DE OBRA
C53: TRABAJADOR | J53: UND | K53: PRESTACIONES | L53: RENDIMIENTO | M53: PRECIO UNITARIO | O53: Vr. UNITARIO
C54: CUADRILLA AA | J54: HH | L54: 13 | M54: 50365.84 | O54: =ROUND(L54*M54,0) -> 654756
C58: SUBTOTAL $ | O58: =+O54+O56+O55+O57 -> 654756
C60: TOTAL COSTO DIRECTO $ | O60: =ROUND(O35+O58+O49+O42,0) -> 2108104
C61: V. COSTOS INDIRECTOS
C64: Descripción | L64: Porcentaje | M64: Valor Total
C65: ADMINISTRACION | L65: 0.24 | M65: =+O60 -> 2108104 | O65: =+L65*M65 -> 505944.96
C66: IMPREVISTOS | L66: 0.01 | M66: =+O60 -> 2108104 | O66: =+L66*M66 -> 21081.04
C67: UTILIDAD | L67: 0.05 | M67: =+O60 -> 2108104 | O67: =+L67*M67 -> 105405.2
C68: SUBTOTAL $ | O68: =+O60+O65+O66+O67 -> 2740535.2
C70: Precio Unitario Total Aproximado al peso $ | O70: =+O68 -> 2740535.2
H74: Firma
H75: Nombre:
H76: Representante Legal del Contratista o su Apoderado
H77: Matricula No. :
C79: OBSERVACIONES INTERVENTORÍA
C83: APROBACIÓN POR INTERVENTORÍA
C84: Nota 1: Cuando se trate de Análisis de precios unitarios correspondientes a ítems de la propuesta económica aprobada, el Interventor aprueba el desglose de los componentes manteniendo el mismo precio unitario de cada ítem, cumpliendo con las especificaciones de construcción vigentes para el proyecto.
C86: Nota 2: Cuando se trate de Análisis de precios unitarios de ítems no previstos, el Interventor aprueba el desglose y precio unitario de cada ítem no previsto, exigiendo la aplicación de los costos correspondientes a insumos y tarifas de la propuesta económica inicial cuando estén contemplados, cumpliendo con las especificaciones de construcción vigente para el proyecto.
H89: Firma
H90: Nombre:
H91: Representante Legal del Interventor o su Apoderado
H92: Matricula No. :

Sheet 4,4
C3: Formulario 1 - Propuesta económica - Documento tipo de selección abreviada de menor cuantía - versión 3
C4: Código | D4: CCE-EICP-FM-25 | E4: Versión | F4: 3
C6: [La entidad podrá utilizar este formato para la presentación de los análisis de precios unitarios el contratista en la oportunidad prevista en el numeral 8.1. del Documento Base]
D9: ALCALDÍA MUNICIPAL DE ASTREA CESAR
L10: VERSIÓN
D11: [NÚMERO DEL PROCESO]
L12: PÁGINA | M12: 1 | N12: DE | O12: 1
D14: ANALISIS DE PRECIOS UNITARIOS
L16: FECHA | M16: DD | N16: MM | O16: AA
C18: ITEMS DE LA PROPUESTA ECONÓMICA | I18: ITEMS NO PREVISTOS
C22: DATOS ESPECÍFICOS
C24: ITEM | D24: DESCRIPCIÓN | M24: UNIDAD | O24: CANTIDAD
C25: =+'PRESUPUESTO OFICIAL (Entidad)'!C38 -> 4.4 | D25: =+'PRESUPUESTO OFICIAL (Entidad)'!G38 -> CONCRETO DE 4,000 PSI PARA LOSA MACIZA ESP. 0,20m | M25: =+'PRESUPUESTO OFICIAL (Entidad)'!H38 -> M2 | O25: =+'PRESUPUESTO OFICIAL (Entidad)'!I38 -> 62
C26: I. EQUIPO
C29: DESCRIPCIÓN | H29: MARCA | J29: TIPO | L29: VR. UNITARIO | M29: CANTIDAD | O29: Vr. TOTAL
C30: VIBRADOR DE CONCRETO CON OPERADOR | J30: DÍA | L30: 92800 | M30: 0.15 | O30: =+L30*M30 -> 13920
C31: MEZCLADORA DE CONCRETO (ALQUILER) INCLUYE TRANSPORTE | J31: DÍA | L31: 120000 | M31: 0.2 | O31: =+L31*M31 -> 24000
C32: ANDAMIOS | J32: DÍA | L32: 25000 | M32: 0.2 | O32: =+L32*M32 -> 5000
C33: PUNTALES Y CERCHAS | J33: DÍA | L33: 5000 | M33: 1.6 | O33: =+L33*M33 -> 8000
C34: HERRAMIENTA MENOR (10% VR) | J34: % | L34: =+O54 -> 226646 | M34: 0.1 | O34: =ROUND(L34*M34,0) -> 22665
C35: SUBTOTAL $ | O35: =+SUM(O30:O34) -> 73585
C36: II. MATERIALES
C39: DESCRIPCIÓN | K39: UNIDAD | L39: CANTIDAD | M39: PRECIO UNIT. | O39: Vr. UNITARIO
C40: FORMALETA | K40: UND | L40: 1.6 | M40: 28560 | O40: =+L40*M40 -> 45696
C41: CONCRETO DE 4000 PSI IMPERMEABILIZADO, ELABORADO EN OBRA | K41: M3 | L41: =0.2*(1+5%) -> 0.21 | M41: 726735 | O41: =ROUND(L41*M41,0) -> 152614
C42: SUBTOTAL $ | O42: =+O40+O41 -> 198310
C43: III. TRANSPORTES
C46: MATERIAL | J46: VOL. o PESO | K46: DISTANCIA | L46: M3 o Ton/Km | M46: TARIFA | O46: Vr. UNITARIO
C49: SUBTOTAL $ | O49: =+O47+O48 -> 0
C50: IV. MANO DE OBRA
C53: TRABAJADOR | J53: UND | K53: PRESTACIONES | L53: RENDIMIENTO | M53: PRECIO UNITARIO | O53: Vr. UNITARIO
C54: CUADRILLA AA | J54: HH | L54: 4.5 | M54: 50365.84 | O54: =ROUND(L54*M54,0) -> 226646
C58: SUBTOTAL $ | O58: =+O54+O56+O55+O57 -> 226646
C60: TOTAL COSTO DIRECTO $ | O60: =ROUND(O35+O58+O49+O42,0) -> 498541
C61: V. COSTOS INDIRECTOS
C64: Descripción | L64: Porcentaje | M64: Valor Total
C65: ADMINISTRACION | L65: 0.24 | M65: =+O60 -> 498541 | O65: =+L65*M65 -> 119649.84
C66: IMPREVISTOS | L66: 0.01 | M66: =+O60 -> 498541 | O66: =+L66*M66 -> 4985.41
C67: UTILIDAD | L67: 0.05 | M67: =+O60 -> 498541 | O67: =+L67*M67 -> 24927.05
C68: SUBTOTAL $ | O68: =+O60+O65+O66+O67 -> 648103.3
C70: Precio Unitario Total Aproximado al peso $ | O70: =+O68 -> 648103.3
H74: Firma
H75: Nombre:
H76: Representante Legal del Contratista o su Apoderado
H77: Matricula No. :
C79: OBSERVACIONES INTERVENTORÍA
C83: APROBACIÓN POR INTERVENTORÍA
C84: Nota 1: Cuando se trate de Análisis de precios unitarios correspondientes a ítems de la propuesta económica aprobada, el Interventor aprueba el desglose de los componentes manteniendo el mismo precio unitario de cada ítem, cumpliendo con las especificaciones de construcción vigentes para el proyecto.
C86: Nota 2: Cuando se trate de Análisis de precios unitarios de ítems no previstos, el Interventor aprueba el desglose y precio unitario de cada ítem no previsto, exigiendo la aplicación de los costos correspondientes a insumos y tarifas de la propuesta económica inicial cuando estén contemplados, cumpliendo con las especificaciones de construcción vigente para el proyecto.
H89: Firma
H90: Nombre:
H91: Representante Legal del Interventor o su Apoderado
H92: Matricula No. :

Sheet 4,5
C3: Formulario 1 - Propuesta económica - Documento tipo de selección abreviada de menor cuantía - versión 3
C4: Código | D4: CCE-EICP-FM-25 | E4: Versión | F4: 3
C6: [La entidad podrá utilizar este formato para la presentación de los análisis de precios unitarios el contratista en la oportunidad prevista en el numeral 8.1. del Documento Base]
D9: ALCALDÍA MUNICIPAL DE ASTREA CESAR
L10: VERSIÓN
D11: [NÚMERO DEL PROCESO]
L12: PÁGINA | M12: 1 | N12: DE | O12: 1
D14: ANALISIS DE PRECIOS UNITARIOS
L16: FECHA | M16: DD | N16: MM | O16: AA
C18: ITEMS DE LA PROPUESTA ECONÓMICA | I18: ITEMS NO PREVISTOS
C22: DATOS ESPECÍFICOS
C24: ITEM | D24: DESCRIPCIÓN | M24: UNIDAD | O24: CANTIDAD
C25: =+'PRESUPUESTO OFICIAL (Entidad)'!C39 -> 4.5 | D25: =+'PRESUPUESTO OFICIAL (Entidad)'!G39 -> CONCRETO DE 3,000 PSI PARA GUARDARUEDAS H= 0,15m | M25: =+'PRESUPUESTO OFICIAL (Entidad)'!H39 -> ML | O25: =+'PRESUPUESTO OFICIAL (Entidad)'!I39 -> 25
C26: I. EQUIPO
C29: DESCRIPCIÓN | H29: MARCA | J29: TIPO | L29: VR. UNITARIO | M29: CANTIDAD | O29: Vr. TOTAL
C30: VIBRADOR DE CONCRETO CON OPERADOR | J30: DÍA | L30: 92800 | M30: 0.0775 | O30: =+L30*M30 -> 7192
C31: MEZCLADORA DE CONCRETO (ALQUILER) INCLUYE TRANSPORTE | J31: DÍA | L31: 120000 | M31: 0.1 | O31: =+L31*M31 -> 12000
C32: HERRAMIENTA MENOR (10% VR) | J32: % | L32: =+O52 -> 55402 | M32: 0.1 | O32: =ROUND(L32*M32,0) -> 5540
C33: SUBTOTAL $ | O33: =+SUM(O30:O32) -> 24732
C34: II. MATERIALES
C37: DESCRIPCIÓN | K37: UNIDAD | L37: CANTIDAD | M37: PRECIO UNIT. | O37: Vr. UNITARIO
C38: FORMALETA | K38: UND | L38: 0.35 | M38: 28560 | O38: =+L38*M38 -> 9996
C39: CONCRETO DE 3000 PSI ELABORADO EN OBRA | K39: M3 | L39: 0.06375 | M39: 657963 | O39: =ROUND(L39*M39*(1+0.05),0) -> 44042
C40: SUBTOTAL $ | O40: =+O38+O39 -> 54038
C41: III. TRANSPORTES
C44: MATERIAL | J44: VOL. o PESO | K44: DISTANCIA | L44: M3 o Ton/Km | M44: TARIFA | O44: Vr. UNITARIO
C47: SUBTOTAL $ | O47: =+O45+O46 -> 0
C48: IV. MANO DE OBRA
C51: TRABAJADOR | J51: UND | K51: PRESTACIONES | L51: RENDIMIENTO | M51: PRECIO UNITARIO | O51: Vr. UNITARIO
C52: CUADRILLA AA | J52: HH | L52: 1.1 | M52: 50365.84 | O52: =ROUND(L52*M52,0) -> 55402
C56: SUBTOTAL $ | O56: =+O52+O54+O53+O55 -> 55402
C58: TOTAL COSTO DIRECTO $ | O58: =ROUND(O33+O56+O47+O40,0) -> 134172
C59: V. COSTOS INDIRECTOS
C62: Descripción | L62: Porcentaje | M62: Valor Total
C63: ADMINISTRACION | L63: 0.24 | M63: =+O58 -> 134172 | O63: =+L63*M63 -> 32201.28
C64: IMPREVISTOS | L64: 0.01 | M64: =+O58 -> 134172 | O64: =+L64*M64 -> 1341.72
C65: UTILIDAD | L65: 0.05 | M65: =+O58 -> 134172 | O65: =+L65*M65 -> 6708.6
C66: SUBTOTAL $ | O66: =+O58+O63+O64+O65 -> 174423.6
C68: Precio Unitario Total Aproximado al peso $ | O68: =+O66 -> 174423.6
H72: Firma
H73: Nombre:
H74: Representante Legal del Contratista o su Apoderado
H75: Matricula No. :
C77: OBSERVACIONES INTERVENTORÍA
C81: APROBACIÓN POR INTERVENTORÍA
C82: Nota 1: Cuando se trate de Análisis de precios unitarios correspondientes a ítems de la propuesta económica aprobada, el Interventor aprueba el desglose de los componentes manteniendo el mismo precio unitario de cada ítem, cumpliendo con las especificaciones de construcción vigentes para el proyecto.
C84: Nota 2: Cuando se trate de Análisis de precios unitarios de ítems no previstos, el Interventor aprueba el desglose y precio unitario de cada ítem no previsto, exigiendo la aplicación de los costos correspondientes a insumos y tarifas de la propuesta económica inicial cuando estén contemplados, cumpliendo con las especificaciones de construcción vigente para el proyecto.
H87: Firma
H88: Nombre:
H89: Representante Legal del Interventor o su Apoderado
H90: Matricula No. :

Sheet 4,6
C3: Formulario 1 - Propuesta económica - Documento tipo de selección abreviada de menor cuantía - versión 3
C4: Código | D4: CCE-EICP-FM-25 | E4: Versión | F4: 3
C6: [La entidad podrá utilizar este formato para la presentación de los análisis de precios unitarios el contratista en la oportunidad prevista en el numeral 8.1. del Documento Base]
D9: ALCALDÍA MUNICIPAL DE ASTREA CESAR
L10: VERSIÓN
D11: [NÚMERO DEL PROCESO]
L12: PÁGINA | M12: 1 | N12: DE | O12: 1
D14: ANALISIS DE PRECIOS UNITARIOS
L16: FECHA | M16: DD | N16: MM | O16: AA
C18: ITEMS DE LA PROPUESTA ECONÓMICA | I18: ITEMS NO PREVISTOS
C22: DATOS ESPECÍFICOS
C24: ITEM | D24: DESCRIPCIÓN | M24: UNIDAD | O24: CANTIDAD
C25: =+'PRESUPUESTO OFICIAL (Entidad)'!C40 -> 4.6 | D25: =+'PRESUPUESTO OFICIAL (Entidad)'!G40 -> ACERO DE REFUERZO DE 60.000 PSI. INCLUYE CORTE, FIGURACIÓN E INSTALACIÓN | M25: =+'PRESUPUESTO OFICIAL (Entidad)'!H40 -> KG | O25: =+'PRESUPUESTO OFICIAL (Entidad)'!I40 -> 9450
C26: I. EQUIPO
C29: DESCRIPCIÓN | H29: MARCA | J29: TIPO | L29: VR. UNITARIO | M29: CANTIDAD | O29: Vr. TOTAL
C30: TRONZADORA 14" | J30: DÍA | L30: 70000 | M30: 0.008 | O30: =+L30*M30 -> 560
C31: HERRAMIENTA MENOR (10% VR) | J31: % | L31: =+O51 -> 2449 | M31: 0.1 | O31: =ROUND(L31*M31,0) -> 245
C32: SUBTOTAL $ | O32: =+SUM(O30:O31) -> 805
C33: II. MATERIALES
C36: DESCRIPCIÓN | K36: UNIDAD | L36: CANTIDAD | M36: PRECIO UNIT. | O36: Vr. UNITARIO
C37: ACERO DE 60.000 PSI FIGURADO EN OBRA | K37: KG | L37: 1 | M37: 7062 | O37: =+L37*M37 -> 7062
C38: DISCO DE CORTE METAL 14" | K38: UND | L38: 0.008 | M38: 32000 | O38: =ROUND(L38*M38*(1+0.05),0) -> 269
C39: SUBTOTAL $ | O39: =+O37+O38 -> 7331
C40: III. TRANSPORTES
C43: MATERIAL | J43: VOL. o PESO | K43: DISTANCIA | L43: M3 o Ton/Km | M43: TARIFA | O43: Vr. UNITARIO
C46: SUBTOTAL $ | O46: =+O44+O45 -> 0
C47: IV. MANO DE OBRA
C50: TRABAJADOR | J50: UND | K50: PRESTACIONES | L50: RENDIMIENTO | M50: PRECIO UNITARIO | O50: Vr. UNITARIO
C51: CUADRILLA AA | J51: HH | L51: 0.048631944 | M51: 50365.84 | O51: =ROUND(L51*M51,0) -> 2449
C55: SUBTOTAL $ | O55: =+O51+O53+O52+O54 -> 2449
C57: TOTAL COSTO DIRECTO $ | O57: =ROUND(O32+O55+O46+O39,0) -> 10585
C58: V. COSTOS INDIRECTOS
C61: Descripción | L61: Porcentaje | M61: Valor Total
C62: ADMINISTRACION | L62: 0.24 | M62: =+O57 -> 10585 | O62: =+L62*M62 -> 2540.4
C63: IMPREVISTOS | L63: 0.01 | M63: =+O57 -> 10585 | O63: =+L63*M63 -> 105.85
C64: UTILIDAD | L64: 0.05 | M64: =+O57 -> 10585 | O64: =+L64*M64 -> 529.25
C65: SUBTOTAL $ | O65: =+O57+O62+O63+O64 -> 13760.5
C67: Precio Unitario Total Aproximado al peso $ | O67: =+O65 -> 13760.5
H71: Firma
H72: Nombre:
H73: Representante Legal del Contratista o su Apoderado
H74: Matricula No. :
C76: OBSERVACIONES INTERVENTORÍA
C80: APROBACIÓN POR INTERVENTORÍA
C81: Nota 1: Cuando se trate de Análisis de precios unitarios correspondientes a ítems de la propuesta económica aprobada, el Interventor aprueba el desglose de los componentes manteniendo el mismo precio unitario de cada ítem, cumpliendo con las especificaciones de construcción vigentes para el proyecto.
C83: Nota 2: Cuando se trate de Análisis de precios unitarios de ítems no previstos, el Interventor aprueba el desglose y precio unitario de cada ítem no previsto, exigiendo la aplicación de los costos correspondientes a insumos y tarifas de la propuesta económica inicial cuando estén contemplados, cumpliendo con las especificaciones de construcción vigente para el proyecto.
H86: Firma
H87: Nombre:
H88: Representante Legal del Interventor o su Apoderado
H89: Matricula No. :

Sheet 5,1
C3: Formulario 1 - Propuesta económica - Documento tipo de selección abreviada de menor cuantía - versión 3
C4: Código | D4: CCE-EICP-FM-25 | E4: Versión | F4: 3
C6: [La entidad podrá utilizar este formato para la presentación de los análisis de precios unitarios el contratista en la oportunidad prevista en el numeral 8.1. del Documento Base]
D9: ALCALDÍA MUNICIPAL DE ASTREA CESAR
L10: VERSIÓN
D11: [NÚMERO DEL PROCESO]
L12: PÁGINA | M12: 1 | N12: DE | O12: 1
D14: ANALISIS DE PRECIOS UNITARIOS
L16: FECHA | M16: DD | N16: MM | O16: AA
C18: ITEMS DE LA PROPUESTA ECONÓMICA | I18: ITEMS NO PREVISTOS
C22: DATOS ESPECÍFICOS
C24: ITEM | D24: DESCRIPCIÓN | M24: UNIDAD | O24: CANTIDAD
C25: =+'PRESUPUESTO OFICIAL (Entidad)'!C44 -> 5.1 | D25: =+'PRESUPUESTO OFICIAL (Entidad)'!G44 -> SUMINISTRO E INSTALACIÓN DE APOYO ELASTOMÉRICO PARA ESTRUCTURA EN CONCRETO | M25: =+'PRESUPUESTO OFICIAL (Entidad)'!H44 -> UND | O25: =+'PRESUPUESTO OFICIAL (Entidad)'!I44 -> 8
C26: I. EQUIPO
C29: DESCRIPCIÓN | H29: MARCA | J29: TIPO | L29: VR. UNITARIO | M29: CANTIDAD | O29: Vr. TOTAL
C31: HERRAMIENTA MENOR (10% VR) | J31: % | L31: =+O51 -> 251829 | M31: 0.1 | O31: =ROUND(L31*M31,0) -> 25183
C32: SUBTOTAL $ | O32: =+SUM(O30:O31) -> 25183
C33: II. MATERIALES
C36: DESCRIPCIÓN | K36: UNIDAD | L36: CANTIDAD | M36: PRECIO UNIT. | O36: Vr. UNITARIO
C37: APOYO ELASTOMÉRICO EN NEOPRENO | K37: UND | L37: 1 | M37: 850000 | O37: =+L37*M37 -> 850000
C39: SUBTOTAL $ | O39: =+O37+O38 -> 850000
C40: III. TRANSPORTES
C43: MATERIAL | J43: VOL. o PESO | K43: DISTANCIA | L43: M3 o Ton/Km | M43: TARIFA | O43: Vr. UNITARIO
C46: SUBTOTAL $ | O46: =+O44+O45 -> 0
C47: IV. MANO DE OBRA
C50: TRABAJADOR | J50: UND | K50: PRESTACIONES | L50: RENDIMIENTO | M50: PRECIO UNITARIO | O50: Vr. UNITARIO
C51: CUADRILLA AA | J51: HH | L51: 5 | M51: 50365.84 | O51: =ROUND(L51*M51,0) -> 251829
C55: SUBTOTAL $ | O55: =+O51+O53+O52+O54 -> 251829
C57: TOTAL COSTO DIRECTO $ | O57: =ROUND(O32+O55+O46+O39,0) -> 1127012
C58: V. COSTOS INDIRECTOS
C61: Descripción | L61: Porcentaje | M61: Valor Total
C62: ADMINISTRACION | L62: 0.24 | M62: =+O57 -> 1127012 | O62: =+L62*M62 -> 270482.88
C63: IMPREVISTOS | L63: 0.01 | M63: =+O57 -> 1127012 | O63: =+L63*M63 -> 11270.12
C64: UTILIDAD | L64: 0.05 | M64: =+O57 -> 1127012 | O64: =+L64*M64 -> 56350.6
C65: SUBTOTAL $ | O65: =+O57+O62+O63+O64 -> 1465115.6
C67: Precio Unitario Total Aproximado al peso $ | O67: =+O65 -> 1465115.6
H71: Firma
H72: Nombre:
H73: Representante Legal del Contratista o su Apoderado
H74: Matricula No. :
C76: OBSERVACIONES INTERVENTORÍA
C80: APROBACIÓN POR INTERVENTORÍA
C81: Nota 1: Cuando se trate de Análisis de precios unitarios correspondientes a ítems de la propuesta económica aprobada, el Interventor aprueba el desglose de los componentes manteniendo el mismo precio unitario de cada ítem, cumpliendo con las especificaciones de construcción vigentes para el proyecto.
C83: Nota 2: Cuando se trate de Análisis de precios unitarios de ítems no previstos, el Interventor aprueba el desglose y precio unitario de cada ítem no previsto, exigiendo la aplicación de los costos correspondientes a insumos y tarifas de la propuesta económica inicial cuando estén contemplados, cumpliendo con las especificaciones de construcción vigente para el proyecto.
H86: Firma
H87: Nombre:
H88: Representante Legal del Interventor o su Apoderado
H89: Matricula No. :

Sheet 5,2
C3: Formulario 1 - Propuesta económica - Documento tipo de selección abreviada de menor cuantía - versión 3
C4: Código | D4: CCE-EICP-FM-25 | E4: Versión | F4: 3
C6: [La entidad podrá utilizar este formato para la presentación de los análisis de precios unitarios el contratista en la oportunidad prevista en el numeral 8.1. del Documento Base]
D9: ALCALDÍA MUNICIPAL DE ASTREA CESAR
L10: VERSIÓN
D11: [NÚMERO DEL PROCESO]
L12: PÁGINA | M12: 1 | N12: DE | O12: 1
D14: ANALISIS DE PRECIOS UNITARIOS
L16: FECHA | M16: DD | N16: MM | O16: AA
C18: ITEMS DE LA PROPUESTA ECONÓMICA | I18: ITEMS NO PREVISTOS
C22: DATOS ESPECÍFICOS
C24: ITEM | D24: DESCRIPCIÓN | M24: UNIDAD | O24: CANTIDAD
C25: =+'PRESUPUESTO OFICIAL (Entidad)'!C45 -> 5.2 | D25: =+'PRESUPUESTO OFICIAL (Entidad)'!G45 -> SUMINISTRO E INSTALACIÓN DE BARANDA EN PERFILES IPE 200 Y TUBERÍA METÁLICA DE 4", INCLUYE ANCLAJES Y ACABADO EN PINTURA AMARILLA | M25: =+'PRESUPUESTO OFICIAL (Entidad)'!H45 -> ML | O25: =+'PRESUPUESTO OFICIAL (Entidad)'!I45 -> 24
C26: I. EQUIPO
C29: DESCRIPCIÓN | H29: MARCA | J29: TIPO | L29: VR. UNITARIO | M29: CANTIDAD | O29: Vr. TOTAL
C30: TRONZADORA 14" | J30: DÍA | L30: 70000 | M30: 0.08 | O30: =+L30*M30 -> 5600
C31: EQUIPO DE SOLDADURA ELÉCTRICA | J31: DÍA | L31: 80000 | M31: 0.15 | O31: =+L31*M31 -> 12000
C32: COMPRESOR | J32: HR | L32: 65000 | M32: 0.2 | O32: =+L32*M32 -> 13000
C33: HERRAMIENTA MENOR (10% VR) | J33: % | L33: =+O63 -> 798299 | M33: 0.1 | O33: =ROUND(L33*M33,0) -> 79830
C34: SUBTOTAL $ | O34: =+SUM(O30:O33) -> 110430
C35: II. MATERIALES
C38: DESCRIPCIÓN | K38: UNIDAD | L38: CANTIDAD | M38: PRECIO UNIT. | O38: Vr. UNITARIO
C39: DISCO DE CORTE METAL 14" | K39: UND | L39: =0.15*(1+0.05) -> 0.1575 | M39: 32000 | O39: =+L39*M39 -> 5040
C40: SOLDADURA 6011 X 1/8" | K40: KG | L40: =0.6*(1+0.05) -> 0.63 | M40: 28500 | O40: =+L40*M40 -> 17955
C41: VIGA IPE 200mm A572/G60 | K41: ML | L41: =0.786*(1+0.05) -> 0.8253 | M41: 159980 | O41: =+L41*M41 -> 132031.49
C42: TUBO ACERO NEGRO 4" X 2,5 mm | K42: ML | L42: =4.23*(1+0.05) -> 4.4415 | M42: 67200 | O42: =ROUND(L42*M42,0) -> 298469
C43: PLATINA METÁLICA 320x330x22,5mm | K43: UND | L43: =0.72*(1+0.05) -> 0.756 | M43: 160500 | O43: =+L43*M43 -> 121338
C44: PERNO ANCLAJE 3/4"+ TUERCA | K44: UND | L44: =2.88*(1+0.05) -> 3.024 | M44: 31680 | O44: =ROUND(L44*M44,0) -> 95800
C45: PINTURA ANTICORROSIVA | K45: GL | L45: =0.16*(1+0.05) -> 0.168 | M45: 86900 | O45: =ROUND(L45*M45,0) -> 14599
C47: SUBTOTAL $ | O47: =ROUND(SUM(O39:O45),0) -> 685232
C48: III. TRANSPORTES
C51: MATERIAL | J51: VOL. o PESO | K51: DISTANCIA | L51: M3 o Ton/Km | M51: TARIFA | O51: Vr. UNITARIO
C54: SUBTOTAL $ | O54: =+O52+O53 -> 0
C55: IV. MANO DE OBRA
C58: TRABAJADOR | J58: UND | K58: PRESTACIONES | L58: RENDIMIENTO | M58: PRECIO UNITARIO | O58: Vr. UNITARIO
C59: CUADRILLA AA | J59: HH | L59: 6.5 | M59: 50365.84 | O59: =ROUND(L59*M59,0) -> 327378
C60: CUADRILLA BB | J60: HH | L60: 8.5 | M60: 55402.42 | O60: =ROUND(L60*M60,0) -> 470921
C63: SUBTOTAL $ | O63: =+O59+O61+O60+O62 -> 798299
C65: TOTAL COSTO DIRECTO $ | O65: =ROUND(O34+O63+O54+O47,0) -> 1593961
C66: V. COSTOS INDIRECTOS
C69: Descripción | L69: Porcentaje | M69: Valor Total
C70: ADMINISTRACION | L70: 0.24 | M70: =+O65 -> 1593961 | O70: =+L70*M70 -> 382550.64
C71: IMPREVISTOS | L71: 0.01 | M71: =+O65 -> 1593961 | O71: =+L71*M71 -> 15939.61
C72: UTILIDAD | L72: 0.05 | M72: =+O65 -> 1593961 | O72: =+L72*M72 -> 79698.05
C73: SUBTOTAL $ | O73: =+O65+O70+O71+O72 -> 2072149.3
C75: Precio Unitario Total Aproximado al peso $ | O75: =+O73 -> 2072149.3
H79: Firma
H80: Nombre:
H81: Representante Legal del Contratista o su Apoderado
H82: Matricula No. :
C84: OBSERVACIONES INTERVENTORÍA
C88: APROBACIÓN POR INTERVENTORÍA
C89: Nota 1: Cuando se trate de Análisis de precios unitarios correspondientes a ítems de la propuesta económica aprobada, el Interventor aprueba el desglose de los componentes manteniendo el mismo precio unitario de cada ítem, cumpliendo con las especificaciones de construcción vigentes para el proyecto.
C91: Nota 2: Cuando se trate de Análisis de precios unitarios de ítems no previstos, el Interventor aprueba el desglose y precio unitario de cada ítem no previsto, exigiendo la aplicación de los costos correspondientes a insumos y tarifas de la propuesta económica inicial cuando estén contemplados, cumpliendo con las especificaciones de construcción vigente para el proyecto.
H94: Firma
H95: Nombre:
H96: Representante Legal del Interventor o su Apoderado
H97: Matricula No. :

Sheet 5,3
C3: Formulario 1 - Propuesta económica - Documento tipo de selección abreviada de menor cuantía - versión 3
C4: Código | D4: CCE-EICP-FM-25 | E4: Versión | F4: 3
C6: [La entidad podrá utilizar este formato para la presentación de los análisis de precios unitarios el contratista en la oportunidad prevista en el numeral 8.1. del Documento Base]
D9: ALCALDÍA MUNICIPAL DE ASTREA CESAR
L10: VERSIÓN
D11: [NÚMERO DEL PROCESO]
L12: PÁGINA | M12: 1 | N12: DE | O12: 1
D14: ANALISIS DE PRECIOS UNITARIOS
L16: FECHA | M16: DD | N16: MM | O16: AA
C18: ITEMS DE LA PROPUESTA ECONÓMICA | I18: ITEMS NO PREVISTOS
C22: DATOS ESPECÍFICOS
C24: ITEM | D24: DESCRIPCIÓN | M24: UNIDAD | O24: CANTIDAD
C25: =+'PRESUPUESTO OFICIAL (Entidad)'!C46 -> 5.3 | D25: =+'PRESUPUESTO OFICIAL (Entidad)'!G46 -> CONCRETO M.R. 42 MPa PARA PAVIMENTO DE RAMPA DE ACCESO ESP. 17 Cm | M25: =+'PRESUPUESTO OFICIAL (Entidad)'!H46 -> M2 | O25: =+'PRESUPUESTO OFICIAL (Entidad)'!I46 -> 30
C26: I. EQUIPO
C29: DESCRIPCIÓN | H29: MARCA | J29: TIPO | L29: VR. UNITARIO | M29: CANTIDAD | O29: Vr. TOTAL
C30: VIBRADOR DE CONCRETO CON OPERADOR | J30: DÍA | L30: 92800 | M30: 0.1 | O30: =+L30*M30 -> 9280
C31: MEZCLADORA DE CONCRETO (ALQUILER) INCLUYE TRANSPORTE | J31: DÍA | L31: 120000 | M31: 0.1 | O31: =+L31*M31 -> 12000
C32: HERRAMIENTA MENOR (10% VR) | J32: % | L32: =+O52 -> 75549 | M32: 0.1 | O32: =ROUND(L32*M32,0) -> 7555
C33: SUBTOTAL $ | O33: =+SUM(O30:O32) -> 28835
C34: II. MATERIALES
C37: DESCRIPCIÓN | K37: UNIDAD | L37: CANTIDAD | M37: PRECIO UNIT. | O37: Vr. UNITARIO
C38: FORMALETA | K38: UND | L38: 0.75 | M38: 28560 | O38: =+L38*M38 -> 21420
C39: CONCRETO MR 42 MPA | K39: M3 | L39: =0.17*(1+0.05) -> 0.1785 | M39: 756373 | O39: =ROUND(L39*M39,0) -> 135013
C40: SUBTOTAL $ | O40: =+O38+O39 -> 156433
C41: III. TRANSPORTES
C44: MATERIAL | J44: VOL. o PESO | K44: DISTANCIA | L44: M3 o Ton/Km | M44: TARIFA | O44: Vr. UNITARIO
C47: SUBTOTAL $ | O47: =+O45+O46 -> 0
C48: IV. MANO DE OBRA
C51: TRABAJADOR | J51: UND | K51: PRESTACIONES | L51: RENDIMIENTO | M51: PRECIO UNITARIO | O51: Vr. UNITARIO
C52: CUADRILLA AA | J52: HH | L52: 1.5 | M52: 50365.84 | O52: =ROUND(L52*M52,0) -> 75549
C56: SUBTOTAL $ | O56: =+O52+O54+O53+O55 -> 75549
C58: TOTAL COSTO DIRECTO $ | O58: =ROUND(O33+O56+O47+O40,0) -> 260817
C59: V. COSTOS INDIRECTOS
C62: Descripción | L62: Porcentaje | M62: Valor Total
C63: ADMINISTRACION | L63: 0.24 | M63: =+O58 -> 260817 | O63: =+L63*M63 -> 62596.08
C64: IMPREVISTOS | L64: 0.01 | M64: =+O58 -> 260817 | O64: =+L64*M64 -> 2608.17
C65: UTILIDAD | L65: 0.05 | M65: =+O58 -> 260817 | O65: =+L65*M65 -> 13040.85
C66: SUBTOTAL $ | O66: =+O58+O63+O64+O65 -> 339062.1
C68: Precio Unitario Total Aproximado al peso $ | O68: =+O66 -> 339062.1
H72: Firma
H73: Nombre:
H74: Representante Legal del Contratista o su Apoderado
H75: Matricula No. :
C77: OBSERVACIONES INTERVENTORÍA
C81: APROBACIÓN POR INTERVENTORÍA
C82: Nota 1: Cuando se trate de Análisis de precios unitarios correspondientes a ítems de la propuesta económica aprobada, el Interventor aprueba el desglose de los componentes manteniendo el mismo precio unitario de cada ítem, cumpliendo con las especificaciones de construcción vigentes para el proyecto.
C84: Nota 2: Cuando se trate de Análisis de precios unitarios de ítems no previstos, el Interventor aprueba el desglose y precio unitario de cada ítem no previsto, exigiendo la aplicación de los costos correspondientes a insumos y tarifas de la propuesta económica inicial cuando estén contemplados, cumpliendo con las especificaciones de construcción vigente para el proyecto.
H87: Firma
H88: Nombre:
H89: Representante Legal del Interventor o su Apoderado
H90: Matricula No. :

Sheet 6,1
C3: Formulario 1 - Propuesta económica - Documento tipo de selección abreviada de menor cuantía - versión 3
C4: Código | D4: CCE-EICP-FM-25 | E4: Versión | F4: 3
C6: [La entidad podrá utilizar este formato para la presentación de los análisis de precios unitarios el contratista en la oportunidad prevista en el numeral 8.1. del Documento Base]
D9: ALCALDÍA MUNICIPAL DE ASTREA CESAR
L10: VERSIÓN
D11: [NÚMERO DEL PROCESO]
L12: PÁGINA | M12: 1 | N12: DE | O12: 1
D14: ANALISIS DE PRECIOS UNITARIOS
L16: FECHA | M16: DD | N16: MM | O16: AA
C18: ITEMS DE LA PROPUESTA ECONÓMICA | I18: ITEMS NO PREVISTOS
C22: DATOS ESPECÍFICOS
C24: ITEM | D24: DESCRIPCIÓN | M24: UNIDAD | O24: CANTIDAD
C25: =+'PRESUPUESTO OFICIAL (Entidad)'!C51 -> 6.1 | D25: =+'PRESUPUESTO OFICIAL (Entidad)'!G51 -> REPLANTEO, CONTROL Y MEDICIÓN DE LA OBRA | M25: =+'PRESUPUESTO OFICIAL (Entidad)'!H51 -> ML | O25: =+'PRESUPUESTO OFICIAL (Entidad)'!I51 -> 7100
C26: I. EQUIPO
C29: DESCRIPCIÓN | H29: MARCA | J29: TIPO | L29: VR. UNITARIO | M29: CANTIDAD | O29: Vr. TOTAL
C30: EQUIPO DE TOPOGRAFIA | J30: DÍA | L30: 2600000 | M30: 0.00016666667 | O30: =ROUND(L30*M30,0) -> 433
C31: HERRAMIENTA MENOR (10% VR) | J31: % | L31: =+O51 -> 157 | M31: 0.1 | O31: =ROUND(L31*M31,0) -> 16
C32: SUBTOTAL $ | O32: =+SUM(O30:O31) -> 449
C33: II. MATERIALES
C36: DESCRIPCIÓN | K36: UNIDAD | L36: CANTIDAD | M36: PRECIO UNIT. | O36: Vr. UNITARIO
C37: ESTACA DE MADERA | K37: UND | L37: 0.041666667 | M37: 1500 | O37: =+L37*M37 -> 62.5
C39: SUBTOTAL $ | O39: =+O37+O38 -> 62.5
C40: III. TRANSPORTES
C43: MATERIAL | J43: VOL. o PESO | K43: DISTANCIA | L43: M3 o Ton/Km | M43: TARIFA | O43: Vr. UNITARIO
C46: SUBTOTAL $ | O46: =+O44+O45 -> 0
C47: IV. MANO DE OBRA
C50: TRABAJADOR | J50: UND | K50: PRESTACIONES | L50: RENDIMIENTO | M50: PRECIO UNITARIO | O50: Vr. UNITARIO
C51: CUADRILLA TOPOGRAFICA | J51: HH | L51: 0.005 | M51: 31405.5 | O51: =ROUND(L51*M51,0) -> 157
C55: SUBTOTAL $ | O55: =+O51+O53+O52+O54 -> 157
C57: TOTAL COSTO DIRECTO $ | O57: =ROUND(O32+O55+O46+O39,0) -> 669
C58: V. COSTOS INDIRECTOS
C61: Descripción | L61: Porcentaje | M61: Valor Total
C62: ADMINISTRACION | L62: 0.24 | M62: =+O57 -> 669 | O62: =+L62*M62 -> 160.56
C63: IMPREVISTOS | L63: 0.01 | M63: =+O57 -> 669 | O63: =+L63*M63 -> 6.69
C64: UTILIDAD | L64: 0.05 | M64: =+O57 -> 669 | O64: =+L64*M64 -> 33.45
C65: SUBTOTAL $ | O65: =+O57+O62+O63+O64 -> 869.7
C67: Precio Unitario Total Aproximado al peso $ | O67: =+O65 -> 869.7
H71: Firma
H72: Nombre:
H73: Representante Legal del Contratista o su Apoderado
H74: Matricula No. :
C76: OBSERVACIONES INTERVENTORÍA
C80: APROBACIÓN POR INTERVENTORÍA
C81: Nota 1: Cuando se trate de Análisis de precios unitarios correspondientes a ítems de la propuesta económica aprobada, el Interventor aprueba el desglose de los componentes manteniendo el mismo precio unitario de cada ítem, cumpliendo con las especificaciones de construcción vigentes para el proyecto.
C83: Nota 2: Cuando se trate de Análisis de precios unitarios de ítems no previstos, el Interventor aprueba el desglose y precio unitario de cada ítem no previsto, exigiendo la aplicación de los costos correspondientes a insumos y tarifas de la propuesta económica inicial cuando estén contemplados, cumpliendo con las especificaciones de construcción vigente para el proyecto.
H86: Firma
H87: Nombre:
H88: Representante Legal del Interventor o su Apoderado
H89: Matricula No. :

Sheet 7,1
C3: Formulario 1 - Propuesta económica - Documento tipo de selección abreviada de menor cuantía - versión 3
C4: Código | D4: CCE-EICP-FM-25 | E4: Versión | F4: 3
C6: [La entidad podrá utilizar este formato para la presentación de los análisis de precios unitarios el contratista en la oportunidad prevista en el numeral 8.1. del Documento Base]
D9: ALCALDÍA MUNICIPAL DE ASTREA CESAR
L10: VERSIÓN
D11: [NÚMERO DEL PROCESO]
L12: PÁGINA | M12: 1 | N12: DE | O12: 1
D14: ANALISIS DE PRECIOS UNITARIOS
L16: FECHA | M16: DD | N16: MM | O16: AA
C18: ITEMS DE LA PROPUESTA ECONÓMICA | I18: ITEMS NO PREVISTOS
C22: DATOS ESPECÍFICOS
C24: ITEM | D24: DESCRIPCIÓN | M24: UNIDAD | O24: CANTIDAD
C25: =+'PRESUPUESTO OFICIAL (Entidad)'!C55 -> 7.1 | D25: =+'PRESUPUESTO OFICIAL (Entidad)'!G55 -> CONFORMACION DE LA BANCA VIAL EXISTENTE | M25: =+'PRESUPUESTO OFICIAL (Entidad)'!H55 -> M2 | O25: =+'PRESUPUESTO OFICIAL (Entidad)'!I55 -> 7405
C26: I. EQUIPO
C29: DESCRIPCIÓN | H29: MARCA | J29: TIPO | L29: VR. UNITARIO | M29: CANTIDAD | O29: Vr. TOTAL
C30: MOTONIVELADORA | J30: HR | L30: 228150 | M30: 0.006 | O30: =ROUND(L30*M30,0) -> 1369
C31: HERRAMIENTA MENOR (10% VR) | J31: % | L31: =+O51 -> 121 | M31: 0.1 | O31: =ROUND(L31*M31,0) -> 12
C32: SUBTOTAL $ | O32: =+SUM(O30:O31) -> 1381
C33: II. MATERIALES
C36: DESCRIPCIÓN | K36: UNIDAD | L36: CANTIDAD | M36: PRECIO UNIT. | O36: Vr. UNITARIO
O37: =+L37*M37 -> 0
C39: SUBTOTAL $ | O39: =+O37+O38 -> 0
C40: III. TRANSPORTES
C43: MATERIAL | J43: VOL. o PESO | K43: DISTANCIA | L43: M3 o Ton/Km | M43: TARIFA | O43: Vr. UNITARIO
C46: SUBTOTAL $ | O46: =+O44+O45 -> 0
C47: IV. MANO DE OBRA
C50: TRABAJADOR | J50: UND | K50: PRESTACIONES | L50: RENDIMIENTO | M50: PRECIO UNITARIO | O50: Vr. UNITARIO
C51: CUADRILLA AA | J51: HH | L51: 0.0024 | M51: 50365.84 | O51: =ROUND(L51*M51,0) -> 121
C55: SUBTOTAL $ | O55: =+O51+O53+O52+O54 -> 121
C57: TOTAL COSTO DIRECTO $ | O57: =ROUND(O32+O55+O46+O39,0) -> 1502
C58: V. COSTOS INDIRECTOS
C61: Descripción | L61: Porcentaje | M61: Valor Total
C62: ADMINISTRACION | L62: 0.24 | M62: =+O57 -> 1502 | O62: =+L62*M62 -> 360.48
C63: IMPREVISTOS | L63: 0.01 | M63: =+O57 -> 1502 | O63: =+L63*M63 -> 15.02
C64: UTILIDAD | L64: 0.05 | M64: =+O57 -> 1502 | O64: =+L64*M64 -> 75.1
C65: SUBTOTAL $ | O65: =+O57+O62+O63+O64 -> 1952.6
C67: Precio Unitario Total Aproximado al peso $ | O67: =+O65 -> 1952.6
H71: Firma
H72: Nombre:
H73: Representante Legal del Contratista o su Apoderado
H74: Matricula No. :
C76: OBSERVACIONES INTERVENTORÍA
C80: APROBACIÓN POR INTERVENTORÍA
C81: Nota 1: Cuando se trate de Análisis de precios unitarios correspondientes a ítems de la propuesta económica aprobada, el Interventor aprueba el desglose de los componentes manteniendo el mismo precio unitario de cada ítem, cumpliendo con las especificaciones de construcción vigentes para el proyecto.
C83: Nota 2: Cuando se trate de Análisis de precios unitarios de ítems no previstos, el Interventor aprueba el desglose y precio unitario de cada ítem no previsto, exigiendo la aplicación de los costos correspondientes a insumos y tarifas de la propuesta económica inicial cuando estén contemplados, cumpliendo con las especificaciones de construcción vigente para el proyecto.
H86: Firma
H87: Nombre:
H88: Representante Legal del Interventor o su Apoderado
H89: Matricula No. :

Sheet 8,1
C3: Formulario 1 - Propuesta económica - Documento tipo de selección abreviada de menor cuantía - versión 3
C4: Código | D4: CCE-EICP-FM-25 | E4: Versión | F4: 3
C6: [La entidad podrá utilizar este formato para la presentación de los análisis de precios unitarios el contratista en la oportunidad prevista en el numeral 8.1. del Documento Base]
D9: ALCALDÍA MUNICIPAL DE ASTREA CESAR
L10: VERSIÓN
D11: [NÚMERO DEL PROCESO]
L12: PÁGINA | M12: 1 | N12: DE | O12: 1
D14: ANALISIS DE PRECIOS UNITARIOS
L16: FECHA | M16: DD | N16: MM | O16: AA
C18: ITEMS DE LA PROPUESTA ECONÓMICA | I18: ITEMS NO PREVISTOS
C22: DATOS ESPECÍFICOS
C24: ITEM | D24: DESCRIPCIÓN | M24: UNIDAD | O24: CANTIDAD
C25: =+'PRESUPUESTO OFICIAL (Entidad)'!C59 -> 8.1 | D25: =+'PRESUPUESTO OFICIAL (Entidad)'!G59 -> SUMINISTRO Y COMPACTACIÓN DE RELLENO DE TERRENO CON MATERIAL SUMINISTRADO DE CANTERA | M25: =+'PRESUPUESTO OFICIAL (Entidad)'!H59 -> M3 | O25: =+'PRESUPUESTO OFICIAL (Entidad)'!I59 -> 1111
C26: I. EQUIPO
C29: DESCRIPCIÓN | H29: MARCA | J29: TIPO | L29: VR. UNITARIO | M29: CANTIDAD | O29: Vr. TOTAL
C30: MOTONIVELADORA | J30: HR | L30: 228150 | M30: 0.09 | O30: =ROUND(L30*M30,0) -> 20534
C31: CARROTANQUE | J31: HR | L31: 101920 | M31: 0.0818 | O31: =ROUND(L31*M31,0) -> 8337
C32: VIBROCOMPACTADOR | J32: HR | L32: 169650 | M32: 0.051 | O32: =ROUND(L32*M32,0) -> 8652
C33: HERRAMIENTA MENOR (10% VR) | J33: % | L33: =+O53 -> 0 | M33: 0.1 | O33: =ROUND(L33*M33,0) -> 0
C34: SUBTOTAL $ | O34: =+SUM(O30:O33) -> 37523
C35: II. MATERIALES
C38: DESCRIPCIÓN | K38: UNIDAD | L38: CANTIDAD | M38: PRECIO UNIT. | O38: Vr. UNITARIO
C39: MATERIAL PARA LLENOS NORMA INVIAS ART 220-07 | K39: M3 | L39: =1.3*(1+0.05) -> 1.365 | M39: 22800 | O39: =+L39*M39 -> 31122
C40: AGUA | K40: LT | L40: 50 | M40: 85 | O40: =+L40*M40 -> 4250
C41: SUBTOTAL $ | O41: =+O39+O40 -> 35372
C42: III. TRANSPORTES
C45: MATERIAL | J45: VOL. o PESO | K45: DISTANCIA | L45: M3 o Ton/Km | M45: TARIFA | O45: Vr. UNITARIO
C46: TRANSPORTE DE AGREGADOS Y RELLENOS DE CANTERA (PETREOS) | J46: 1.3 | K46: 15 | L46: M3/KM | M46: 1200 | O46: =+J46*K46*M46 -> 23400
C48: SUBTOTAL $ | O48: =+O46+O47 -> 23400
C49: IV. MANO DE OBRA
C52: TRABAJADOR | J52: UND | K52: PRESTACIONES | L52: RENDIMIENTO | M52: PRECIO UNITARIO | O52: Vr. UNITARIO
O53: =ROUND(L53*M53,0) -> 0
C57: SUBTOTAL $ | O57: =+O53+O55+O54+O56 -> 0
C59: TOTAL COSTO DIRECTO $ | O59: =ROUND(O34+O57+O48+O41,0) -> 96295
C60: V. COSTOS INDIRECTOS
C63: Descripción | L63: Porcentaje | M63: Valor Total
C64: ADMINISTRACION | L64: 0.24 | M64: =+O59 -> 96295 | O64: =+L64*M64 -> 23110.8
C65: IMPREVISTOS | L65: 0.01 | M65: =+O59 -> 96295 | O65: =+L65*M65 -> 962.95
C66: UTILIDAD | L66: 0.05 | M66: =+O59 -> 96295 | O66: =+L66*M66 -> 4814.75
C67: SUBTOTAL $ | O67: =+O59+O64+O65+O66 -> 125183.5
C69: Precio Unitario Total Aproximado al peso $ | O69: =+O67 -> 125183.5
H73: Firma
H74: Nombre:
H75: Representante Legal del Contratista o su Apoderado
H76: Matricula No. :
C78: OBSERVACIONES INTERVENTORÍA
C82: APROBACIÓN POR INTERVENTORÍA
C83: Nota 1: Cuando se trate de Análisis de precios unitarios correspondientes a ítems de la propuesta económica aprobada, el Interventor aprueba el desglose de los componentes manteniendo el mismo precio unitario de cada ítem, cumpliendo con las especificaciones de construcción vigentes para el proyecto.
C85: Nota 2: Cuando se trate de Análisis de precios unitarios de ítems no previstos, el Interventor aprueba el desglose y precio unitario de cada ítem no previsto, exigiendo la aplicación de los costos correspondientes a insumos y tarifas de la propuesta económica inicial cuando estén contemplados, cumpliendo con las especificaciones de construcción vigente para el proyecto.
H88: Firma
H89: Nombre:
H90: Representante Legal del Interventor o su Apoderado
H91: Matricula No. :
